 Dungeon Crawl Stone Soup version 0.25-a0-420-g1cc7eeb0d1 (webtiles) character file.

Game seed: 9768151102963407376, levelgen mode: deterministic

1360284 DerDa the Conqueror (level 27, -8/241 (273) HPs)
             Began as a Minotaur Berserker on Jan 15, 2020.
             Was the Champion of the Shining One.
             Killed by divine providence
             ... invoked by a mummy priest
              (12 damage)
             ... on level 3 of the Tomb of the Ancients on Jan 18, 2020.
             The game lasted 08:44:11 (106674 turns).

DerDa the Conqueror (Minotaur Berserker)          Turns: 106674, Time: 08:44:11

HP:   -8/241 (273)  AC: 46    Str: 33    XL:     27
MP:   23/39         EV: 26    Int:  4    God:    the Shining One [******]
Gold: 15679         SH: 25    Dex: 18    Spells: 26/26 levels left

rFire    + + +     SeeInvis .   a - +9 eudemon blade (holy)
rCold    + + +     Gourm    .   T - +5 shield {reflect}
rNeg     + + +     Faith    .   g - +12 gold dragon scales
rPois    +         Spirit   .   (helmet restricted)
rElec    +         Reflect  +   x - scarf {rC+ rF+}
rCorr    +         Harm     .   p - +0 pair of gloves "Nic Keroge" {rCorr}
MR       +++..                  j - +2 pair of boots of the Assassin {Detection Stab+ Stlth++}
Stlth    ..........             h - amulet of regeneration
HPRegen  0.90/turn              v - ring of the Hart {rF+ MR+}
MPRegen  0.26/turn              u - ring "Vumymoes" {+Fly rPois rC+ rN+ Dex+2}

@: marked, glowing
A: retaliatory headbutt, fangs 1, hooves 1, horns 2, agile 2, screaming 1,
shaggy fur 1, electricity resistance, sturdy frame 1
}: 14/15 runes: serpentine, barnacled, slimy, silver, iron, obsidian, icy, bone,
abyssal, demonic, glowing, magical, fiery, dark
a: Divine Shield, Cleansing Flame, Summon Divine Warrior, Renounce Religion,
Evoke Flight


You were on level 3 of the Tomb of the Ancients.
You worshipped the Shining One.
The Shining One was exalted by your worship.
You were not hungry.

You visited 18 branches of the dungeon, and saw 89 of its levels.
You visited Pandemonium 1 time, and saw 18 of its levels.
You visited the Abyss 3 times.
You also visited: Gauntlet and Wizlab.

You collected 16632 gold pieces.
You spent 953 gold pieces at shops.

Inventory:

Hand Weapons
 a - a +9 eudemon blade of holy wrath (weapon)
 b - a +6 hand crossbow of freezing
Missiles
 i - 2307 bolts
Armour
 g - +12 gold dragon scales (worn)
 j - the +2 pair of boots of the Assassin (worn) {Detection Stab+ Stlth++}
   (You found it in a Gauntlet)

   It makes you much more stealthy.
 p - the +0 pair of gloves "Nic Keroge" (worn) {rCorr}
   (You found it on level 3 of the Elven Halls)

   It provides partial protection from all sources of acid and corrosion.
 q - the +0 shield of the Wild Haggis {rElec rPois Int+2}
   (You acquired it in Pandemonium)

   It affects your intelligence (+2).
   It insulates you from electricity.
   It protects you from poison.
 x - a scarf of resistance (worn)
 K - the cursed +0 pair of gloves "Tuxtep" {MR+ Slay+3}
   (You found it in Pandemonium)

   It affects your accuracy and damage with ranged weapons and melee attacks
   (+3).
   It affects your resistance to hostile enchantments.
   It has a curse placed upon it.
 T - a +5 shield of reflection (worn)
Jewellery
 h - an amulet of regeneration (around neck)
 u - the ring "Vumymoes" (right hand) {+Fly rPois rC+ rN+ Dex+2}
   (You took it off a greater mummy in a wizard's laboratory)

   [ring of protection from cold]

   It affects your dexterity (+2).
   It protects you from cold.
   It protects you from poison.
   It protects you from negative energy.
   It lets you fly.
 v - the ring of the Hart (left hand) {rF+ MR+}
   (You took it off a frost giant on level 2 of the Depths)

   [ring of protection from magic]

   It protects you from fire.
   It affects your resistance to hostile enchantments.
 X - the ring of the Queen {rC- rN+ MR+ Dex+4 Stlth+}
   (You found it in Pandemonium)

   [ring of positive energy]

   It affects your dexterity (+4).
   It makes you vulnerable to cold.
   It protects you from negative energy.
   It affects your resistance to hostile enchantments.
   It makes you more stealthy.
Wands
 n - a wand of polymorph (51)
 s - a wand of digging (28)
 w - a wand of flame (18)
 C - a wand of enslavement (18)
 H - a wand of scattershot (2)
 L - a wand of paralysis (62)
 N - a wand of acid (80)
 S - a wand of disintegration (16)
Scrolls
 e - 30 scrolls of teleportation
 f - a scroll of silence
 r - 4 scrolls of holy word
 A - 3 scrolls of magic mapping
 B - 9 scrolls of fear
 D - 3 scrolls of brand weapon
 G - 3 scrolls of summoning
 I - 36 scrolls of remove curse
 J - 10 scrolls of identify
 M - 8 scrolls of blinking
 R - a scroll of amnesia
 W - 8 scrolls of fog
Potions
 d - 14 potions of agility
 k - 29 potions of curing
 t - a potion of brilliance
 z - 3 potions of resistance
 E - 2 potions of ambrosia
 O - 2 potions of heal wounds
 U - 6 potions of mutation
 V - a potion of flight
 Y - 9 potions of cancellation
Miscellaneous
 o - a phial of floods
 y - a lamp of fire (inert)
 F - a fan of gales
 P - 4 phantom mirrors
 Q - a lightning rod (4/4)
Comestibles
 c - 89 rations


   Skills:
 O Level 27 Fighting
 O Level 27 Long Blades
 O Level 27 Crossbows
 O Level 27 Armour
 O Level 27 Dodging
 O Level 27 Shields
 O Level 27 Invocations
 + Level 23.9 Evocations


You had 26 spell levels left.
You didn't know any spells.
Your spell library contained the following spells:

 Spells                   Type           Power        Failure   Level  Hunger
 Foxfire                  Conj/Fire      #...         90%         1    ##.....
 Freeze                   Ice            #...         90%         1    ##.....
 Infusion                 Chrm           #...         90%         1    ##.....
 Pain                     Necr           #...         90%         1    ##.....
 Sting                    Tmut/Pois      #...         90%         1    ##.....
 Blink                    Tloc           N/A          97%         2    ###....
 Corpse Rot               Necr/Air       N/A          97%         2    ###....
 Poisonous Vapours        Pois/Air       #.....       97%         2    ###....
 Shroud of Golubria       Chrm/Tloc      #.....       97%         2    ###....
 Slow                     Hex            #.......     97%         2    ###....
 Song of Slaying          Chrm           #.......     97%         2    ###....
 Sublimation of Blood     Necr           #.........   97%         2    ###....
 Conjure Flame            Conj/Fire      #.......     99%         3    ####...
 Gell's Gravitas          Tloc           #.........   99%         3    ####...
 Ignite Poison            Fire/Tmut/Pois #.......     99%         3    ####...
 Lesser Beckoning         Tloc           #.........   99%         3    ####...
 Mephitic Cloud           Conj/Pois/Air  #.......     99%         3    ####...
 Ozocubu's Armour         Chrm/Ice       #.......     99%         3    ####...
 Portal Projectile        Hex/Tloc       #.....       99%         3    ####...
 Recall                   Summ/Tloc      N/A          99%         3    ####...
 Spectral Weapon          Hex/Chrm       #.......     99%         3    ####...
 Teleport Other           Tloc           #.......     99%         3    ####...
 Cause Fear               Hex            #.........   100%        4    #####..
 Dispel Undead            Necr           #.......     100%        4    #####..
 Hailstorm                Conj/Ice       #.......     100%        4    #####..
 Leda's Liquefaction      Hex/Erth       #.........   100%        4    #####..
 Olgreb's Toxic Radiance  Pois           #.......     100%        4    #####..
 Passage of Golubria      Tloc           N/A          100%        4    #####..
 Petrify                  Tmut/Erth      #.......     100%        4    #####..
 Summon Ice Beast         Ice/Summ       #.......     100%        4    #####..
 Agony                    Necr           #.......     100%        5    ######.
 Alistair's Intoxication  Tmut/Pois      #.......     100%        5    ######.
 Aura of Abjuration       Summ           #.........   100%        5    ######.
 Borgnjor's Vile Clutch   Necr/Erth      #.........   100%        5    ######.
 Excruciating Wounds      Chrm/Necr      #.........   100%        5    ######.
 Fireball                 Conj/Fire      #.........   100%        5    ######.
 Irradiate                Conj/Tmut      #.........   100%        5    ######.
 Silence                  Hex/Air        #.........   100%        5    ######.
 Summon Demon             Summ           #.........   100%        5    ######.
 Summon Forest            Summ/Tloc      #.........   100%        5    ######.
 Summon Mana Viper        Hex/Summ       #.......     100%        5    ######.
 Yara's Violent Unravell  Hex/Tmut       #.........   100%        5    ######.
 Death Channel            Necr           #.........   100%        6    #######
 Deflect Missiles         Chrm/Air       #.........   100%        6    #######
 Dispersal                Tloc           #.........   100%        6    #######
 Eringya's Noxious Bog    Tmut/Pois      #.........   100%        6    #######
 Freezing Cloud           Conj/Ice/Air   #.........   100%        6    #######
 Shadow Creatures         Summ           N/A          100%        6    #######
 Simulacrum               Ice/Necr       #.........   100%        6    #######
 Starburst                Conj/Fire      #.........   100%        6    #######
 Dragon Form              Tmut           #.........   100%        7    #######
 Malign Gateway           Summ/Tloc      #.........   100%        7    #######
 Monstrous Menagerie      Summ           #.........   100%        7    #######
 Ring of Flames           Chrm/Fire      #.........   100%        7    #######
 Summon Greater Demon     Summ           #.........   100%        7    #######
 Controlled Blink         Tloc           N/A          100%        8    #######
 Discord                  Hex            #.........   100%        8    #######
 Disjunction              Tloc           #.........   100%        8    #######
 Ignition                 Fire           #.........   100%        8    #######
 Infestation              Necr           #.........   100%        8    #######
 Summon Horrible Things   Summ           #.........   100%        8    #######
 Dragon's Call            Summ           #.........   100%        9    #######


Dungeon Overview and Level Annotations

Branches:
Dungeon (15/15)            Temple (1/1) D:4            Lair (6/6) D:8
 Shoals (4/4) Lair:3        Snake (4/4) Lair:2        Slime (5/5) Lair:5
    Orc (2/2) D:9             Elf (3/3) Orc:2        Vaults (5/5) D:14
  Crypt (3/3) Vaults:3       Tomb (3/3) Crypt:3      Depths (5/5) D:15
   Hell (visited)             Dis (7/7) Hell            Geh (7/7) Hell
    Coc (7/7) Hell            Tar (7/7) Hell            Zot (4/5) Depths:5
 WizLab (visited)         Gauntlet (visited)

Altars:
Ashenzari
Cheibriados
Dithmenos
Elyvilon
Fedhas
Gozag
Hepliaklqana
Kikubaaqudgha
Makhleb
Nemelex Xobeh
Okawaru
Qazlal
Ru
Sif Muna
Trog
Uskayaw
Vehumet
Wu Jian
Xom
Yredelemnul
Zin
The Shining One
Beogh
Jiyva

Shops:
D:4 !   D:5 :   Orc:2 :![?   Elf:2 (   Shoals:2 %   Snake:4 =   Vaults:1 ::*
Vaults:2 *   Vaults:4 =   Vaults:5 ?   Depths:1 }((!   Depths:5 :

Portals:
Hell: Depths:1 Depths:2 Depths:3 Depths:4 Depths:5
Abyss: Depths:4 Depths:5
Pandemonium: Depths:3
Ziggurat: Depths:3
Trove: Vaults:3 (show abyssal rune of Zot)

Annotations:
Elf:1 exclusion: orange crystal statue
Tomb:3 Jory


Innate Abilities, Weirdness & Mutations

You reflexively headbutt those who attack you in melee.
You have a pair of horns on your head.
You have very sharp teeth.
You have large cloven feet.
You are very agile. (Dex +4)
You occasionally shout uncontrollably at your foes.
You are covered in fur. (AC +1)
You are resistant to electric shocks. (rElec)
Your movements are slightly less encumbered by armour. (ER -2)


Message History

The ancient champion is engulfed in blazing flames.
The greater mummy calls on the powers of darkness!
The emperor scorpion convulses! x2; Your body is wracked with pain!
* * * LOW HITPOINT WARNING * * *
The ancient champion is engulfed in blazing flames.
The ancient champion casts a spell at you.
The stone arrow hits you!
* * * LOW HITPOINT WARNING * * *
The guardian mummy is engulfed in blazing flames.
You destroy the guardian mummy!
The Shining One accepts your kill.
You feel better.
You feel your power returning.
You feel extremely nervous for a moment...
You convulse helplessly as pain tears through your body!
* * * LOW HITPOINT WARNING * * *
The mummy priest utters an invocation to its god.
The ice dragon simulacrum is engulfed in blazing flames.
The mummy priest calls down the wrath of its god upon you.
Something smites you!
You die...

****** ######## ******* **,,,,**
#533)M@# **,,,,,**
**,,,,,,**#5sMZz§#**,,,,,,,**
*,,,,,,,^*#.sM.Zz#*,,,,,,,,,**
,,,,,,,,,*#..M§§§#*,,,,,,,,,,**
,,,,,,,,^,#MW4MZ§#,,,,,,,,,,,,**
,,,,,,,,,,#VVZ4§M#,,,,,,,,,,,,,**
,,,,,,,,,.W.WMM3MM^,,,,,,,,,,,,,*
,,,,,,,,,.#M.MM4M#,,,,,,,,,,,,,,,
,,,,,,,,,,#.....M#,,,,,,,,,,,,,,,


You could see 6 greater mummies, Jory (invisible), 2 emperor scorpions, 2
ancient champions, 3 mummy priests, a shadow wraith (invisible), a hellwing, 4
guardian mummies, an ice devil, a spectral emperor scorpion, a spectral fire
giant, 2 hungry ghosts, a neqoxec, 2 ynoxinuls, a chaos spawn, a vampire, 2
mummies, an ice dragon simulacrum, 2 ufetubi and a fire giant skeleton.

Vanquished Creatures
  Cerebov (Pan)
  Antaeus (Coc:7)
  Asmodeus (Geh:7)
  the Royal Jelly (Slime:5)
  Gloorx Vloq (Pan)
  Lom Lobon (Pan)
  Mnoleg (Pan)
  2 ancient liches
  Dispater (Dis:7)
  5 orbs of fire
  Mennas (Depths:4)
  A juggernaut (Depths:3)
  22 greater mummies
  Frederick (Depths:3)
  3 curse toes
  Bai Suzhen (Snake:2)
  Xtahua (Vaults:5)
  9 shard shrikes
  11 caustic shrikes
  Geryon (Hell)
  8 golden dragons
  Nikola (Vaults:2)
  20 bone dragons
  the Enchantress (Depths:5)
  25 Tzitzimimeh
  15 liches
  6 doom hounds
  2 electric golems
  36 Brimstone Fiends
  4 hellephants
  21 Hell Sentinels
  Jorgrun (Orc:1)
  24 Ice Fiends
  23 tentacled monstrosities
  An iron giant (Dis:7)
  10 titans
  2 deep elf blademasters (Elf:3)
  Asterion (Elf:3)
  A kraken (Shoals:3)
  A deep elf master archer (Elf:3)
  5 quicksilver dragons
  Murray (Hell)
  7 pandemonium lords (Pan)
  A sphinx (shapeshifter) (Elf:1)
  A thorn hunter (Abyss:1)
  19 acid blobs
  2 storm dragons (shapeshifter) (Depths:4)
  An eldritch tentacle (Geh:4)
  10 death cobs
  12 sphinxes
  10 ancient champions
  13 tentacled starspawn
  Frances (D:14)
  22 Executioners
  Kirke (Elf:1)
  The ghost of flestrin the Severer, an adept MiFi of the Shining One (Elf:3)
  15 storm dragons
  3 revenants
  Donald (Orc:2)
  7 nagarajas
  19 shadow dragons
  5 draconian monks
  11 tengu reavers
  5 azure jellies
  A daeva (Abyss:1)
  14 iron dragons
  Ilsuiw (Shoals:2)
  2 draconian scorchers
  19 fire giants
  6 draconian knights
  19 frost giants
  45 balrugs
  8 deep elf sorcerers
  22 vault wardens
  22 cacodemons
  4 ghost moths
  8 warmongers (Pan)
  Louise (Snake:2)
  6 deep elf elementalists
  2 draconian stormcallers (Zot:2)
  5 draconian shifters
  5 spriggan defenders (Depths:5)
  4 curse skulls
  33 very ugly things
  74 reapers
  5 elemental wellsprings
  3 draconian annihilators
  19 ironheart preservers
  11 blood saints (Pan)
  25 war gargoyles
  12 vampire knights
  37 stone giants
  The ghost of Vumeko Hunn the Summoner, a journeyman MfSu of Ashenzari (D:12)
  An entropy weaver (Vaults:4)
  13 lorocyprocas
  6 bennus (Tomb:3)
  9 green draconians
  4 deep elf demonologists
  8 dire elephants (Abyss:3)
  9 black draconians
  8 corrupters (Pan)
  8 white draconians
  6 yellow draconians
  A minotaur (Gauntlet)
  6 red draconians
  5 black suns (Pan)
  14 deep elf annihilators
  10 purple draconians
  5 quicksilver dragon zombies
  4 eidola
  15 green deaths
  8 deep elf death magi
  8 spark wasps
  A merfolk javelineer (Shoals:2)
  5 crystal guardians
  29 blizzard demons
  9 death oozes
  8 jiangshi
  16 mummy priests
  3 kraken zombies
  7 merfolk impalers
  Josephine (D:11)
  15 ettins
  10 ogre magi
  15 yaktaur captains
  10 fire dragons
  36 vault guards
  Fannar (D:12)
  6 deep elf high priests
  Erolcha (Orc:2)
  10 hydras
  9 quicksilver dragon skeletons
  7 monstrous demonspawn (Pan)
  5 centaur warriors
  32 ice dragons
  9 great orbs of eyes
  13 rakshasas
  21 naga warriors
  7 hell beasts
  3 ghost crabs
  2 juggernaut simulacra (Depths:4)
  A catoblepas (Lair:5)
  8 spriggan air magi
  3 alligator snapping turtles
  A death knight (Vaults:5)
  A satyr (Shoals:3)
  3 merfolk aquamancers
  10 anacondas
  36 two-headed ogres
  42 dancing weapons
  3 merfolk avatars
  6 death yaks
  38 death scarabs
  11 vampire magi
  11 deep troll shamans
  13 tengu warriors
  11 titan zombies
  5 shock serpents
  12 deep troll earth magi
  11 thrashing horrors
  37 hell hogs
  16 naga sharpshooters
  8 spriggan berserkers
  13 titan skeletons
  51 soul eaters
  17 deep elf knights
  Nergalle (Orc:2)
  60 sun demons
  A salamander mystic (Snake:4)
  Sonja (Lair:4)
  10 storm dragon zombies
  7 wretched stars
  8 storm dragon skeletons
  8 iron golems
  166 skeletal warriors
  19 sixfirhies
  65 hell knights
  7 shadow wraiths
  A spatial maelstrom (Abyss:3)
  A death drake (Tar:2)
  4 infernal demonspawn (Pan)
  10 glowing orange brains
  18 iron trolls
  34 deep trolls
  4 unseen horrors
  2 swamp dragons (shapeshifter) (Depths:4)
  24 shadow demons
  10 torturous demonspawn (Pan)
  19 sea snakes
  10 gelid demonspawn
  5 golden dragon zombies
  12 wizards
  9 naga ritualists
  15 anaconda skeletons
  22 anaconda zombies
  10 shadow dragon zombies
  29 deep elf archers
  5 ghost moth zombies
  21 flayed ghosts
  25 phantasmal warriors
  20 ironbrand convokers
  Pikel (D:7)
  A sphinx zombie (WizLab)
  4 golden dragon skeletons
  10 harpies
  A harpy (shapeshifter) (Elf:2)
  6 wolf spider zombies
  10 mana vipers
  3 oklob plants
  23 necromancers
  An orb spider (Abyss:2)
  67 ugly things
  A shining eye (Slime:5)
  A wolf spider (shapeshifter) (Depths:2)
  7 fauns
  5 salamanders
  77 deep elf magi
  27 cyclopes
  14 orc knights
  8 shadow dragon skeletons
  11 iron dragon zombies
  10 orc sorcerers
  14 stone giant zombies
  A cyclops (shapeshifter) (Depths:4)
  11 manticores
  11 frost giant zombies
  9 fire giant zombies
  6 wolf spiders
  7 centaur zombies
  11 fire giant skeletons
  6 iron dragon skeletons
  8 elephants
  9 frost giant skeletons
  10 dire elephant zombies
  4 shock serpent zombies
  Maurice (Orc:1)
  25 moths of wrath
  A black mamba (shapeshifter) (Depths:3)
  Joseph (D:8)
  13 merfolk sirens
  Psyche (D:8)
  7 stone giant skeletons
  32 black mambas
  A water nymph (shapeshifter) (Vaults:1)
  An eye of devastation (Slime:5)
  An eye of devastation (shapeshifter) (Vaults:5)
  36 orange demons
  2 titan simulacra
  A demonspawn zombie (WizLab)
  3 ice statues
  12 molten gargoyles
  6 water nymphs
  28 rust devils
  44 smoke demons
  A torpor snail (Lair:5)
  An apocalypse crab (Abyss:2)
  25 vault sentinels
  3 guardian serpents
  19 naga magi
  2 gargoyles
  3 shock serpent skeletons
  49 hellions
  5 spectral swamp worms (Tar:7)
  5 emperor scorpion zombies
  A black draconian zombie (Crypt:2)
  3 catoblepas zombies
  4 kobold demonologists
  2 green draconian zombies
  19 spiny frogs
  A yaktaur zombie (Hell)
  A yaktaur (shapeshifter) (Depths:4)
  17 efreet
  9 dire elephant skeletons
  54 freezing wraiths
  5 anaconda simulacra
  A rime drake (Lair:4)
  A human zombie (Vaults:1)
  8 ancient zymes
  6 demonic crawlers
  37 yaktaurs
  6 komodo dragons
  22 hellwings (Pan)
  47 tormentors
  22 trolls
  A grey draconian skeleton (Crypt:2)
  44 guardian mummies
  24 merfolk
  A queen bee (shapeshifter) (Vaults:4)
  65 red devils
  A catoblepas skeleton (Geh:5)
  2 spriggan skeletons
  6 harpy zombies
  40 hydra zombies
  2 silent spectres
  43 ice devils
  6 tengu conjurers
  A golden dragon simulacrum (Depths:1)
  52 large abominations
  A queen bee (Lair:3)
  18 wind drakes
  2 shadow dragon simulacra
  12 hornets
  13 blink frogs
  12 polar bears
  A blink frog (shapeshifter) (Depths:2)
  3 harpy skeletons
  3 stone giant simulacra
  A tyrant leech (shapeshifter) (Vaults:5)
  14 alligator zombies
  A sphinx simulacrum (Vaults:2)
  14 hydra skeletons
  60 slime creatures
  Prince Ribbit (D:9)
  2 fire dragon zombies
  A jumping spider zombie (Crypt:2)
  16 raiju
  A deep troll zombie (Hell)
  A frost giant simulacrum (Coc:1)
  8 bog bodies (Coc:7)
  15 ettin zombies
  A snapping turtle (shapeshifter) (Elf:2)
  8 hippogriffs
  7 ice dragon zombies
  5 spriggan zombies
  9 dream sheep
  A hippogriff (shapeshifter) (Abyss:3)
  6 ice dragon skeletons
  4 elf zombies
  9 snapping turtles
  3 black mamba zombies
  A fire giant simulacrum (Depths:1)
  5 redbacks
  Sigmund (D:3)
  16 ettin skeletons
  22 water elementals
  An air elemental (Elf:3)
  183 flying skulls
  4 vampires
  13 ushabtiu
  33 shadows
  A centaur simulacrum (D:12)
  44 ynoxinuls
  50 fire elementals
  14 wyverns
  11 fire dragon skeletons
  14 fire bats
  8 spriggans
  8 alligator skeletons
  47 wraiths
  An orc simulacrum (Vaults:1)
  Grum (D:9)
  3 black mamba skeletons
  2 golden eyes (Abyss:3)
  6 basilisks
  29 yaks
  24 neqoxecs
  9 chaos spawn
  7 hungry ghosts
  2 spatial vortices (Abyss:3)
  7 wargs
  A merfolk zombie (Geh:3)
  42 nagas
  13 spiny frog zombies
  3 acid dragons
  An insubstantial wisp (Abyss:2)
  A swamp worm (shapeshifter) (Depths:3)
  A gelid demonspawn zombie (Geh:6)
  An acid dragon (shapeshifter) (Depths:4)
  3 soldier ants
  A floating eye (shapeshifter) (Vaults:4)
  3 hydra simulacra
  8 porcupines
  Duvessa (Temple)
  57 hell hounds
  19 water moccasins
  A floating eye (Depths:5)
  31 orc warriors
  A merfolk skeleton (Geh:5)
  11 small abominations
  7 eyes of draining
  A monstrous demonspawn skeleton (Crypt:1)
  7 snapping turtle zombies
  10 sky beasts
  A slave (D:7)
  2 human skeletons
  18 ice beasts
  2 orc zombies
  9 spiny frog skeletons
  10 black bears
  A wolf (shapeshifter) (D:12)
  An ice dragon simulacrum (Coc:5)
  55 ogres
  5 phantoms
  13 boggarts
  An ettin simulacrum (Coc:4)
  6 wolves
  4 swamp dragon zombies
  3 manticore zombies
  26 necrophages
  6 snapping turtle skeletons
  4 manticore skeletons
  17 centaurs
  3 swamp dragon skeletons
  5 crocodiles
  A hog skeleton (Crypt:2)
  11 bullfrogs
  2 big kobolds
  5 human simulacra
  2 bullfrogs (shapeshifter) (D:12)
  A deep troll simulacrum (Vaults:3)
  6 earth elementals
  A glowing shapeshifter simulacrum (Vaults:1)
  A spiny frog simulacrum (Coc:6)
  A wyvern skeleton (D:11)
  Dowan (Temple)
  4 scorpions
  A killer bee (shapeshifter) (Depths:2)
  4 tengu zombies
  32 killer bees
  9 howler monkeys
  119 wights
  11 electric eels
  A raiju skeleton (Crypt:2)
  24 crimson imps
  32 starcursed masses
  4 quasits
  2 bullfrog zombies
  7 jellies
  14 orc priests
  4 hounds
  37 orc wizards
  8 centaur skeletons
  Crazy Yiuf (D:6)
  3 iguanas
  32 iron imps
  A bullfrog skeleton (D:5)
  Ijyb (D:3)
  13 worker ants
  2 lightning spires (Gauntlet)
  A spriggan simulacrum (Coc:4)
  An ogre zombie (Crypt:2)
  A naga skeleton (Crypt:1)
  4 tengu skeletons
  2 hound skeletons
  43 mummies
  Robin (D:2)
  7 gnolls
  2 howler monkey skeletons
  A steam dragon zombie (Crypt:2)
  A tengu simulacrum (Coc:4)
  10 adders
  An ogre simulacrum (Coc:4)
  A swamp drake skeleton (Crypt:2)
  14 shadow imps
  39 white imps
  8 ufetubi
  5 oozes
  3 adder skeletons
  An adder zombie (D:5)
  5 worms
  A dart slug (D:1)
  5 leopard geckos
  85 orcs
  7 bats
  5 giant cockroaches
  9 goblins
  14 hobgoblins
  4 jackals
  13 kobolds
  2 quokkas
  A ball python (shapeshifter) (D:12)
  3 ball pythons
  A ball python skeleton (D:4)
  5 frilled lizards
  A giant cockroach zombie (D:6)
  A gnoll skeleton (Crypt:1)
  An orc skeleton (Coc:7)
  A quokka skeleton (D:6)
  3 rats
  A rat (shapeshifter) (D:12)
  A fire vortex (Geh:3)
  A lurking horror (Abyss:2)
  11 starspawn tentacles
  13 tentacles
5578 creatures vanquished.

Vanquished Creatures (collateral kills)
  Ereshkigal (Tar:7)
  2 greater mummies
  Vashnia (Snake:1)
  A bone dragon (Coc:7)
  A Tzitzimitl (Pan)
  2 Executioners (Pan)
  An ancient champion (Tomb:1)
  2 balrugs (Pan)
  4 cacodemons (Pan)
  A reaper (Pan)
  2 very ugly things (Pan)
  A mummy priest (Tomb:1)
  9 death scarabs (Tomb:2)
  A hell knight (Geh:7)
  A sun demon (Pan)
  A soul eater (Tar:7)
  4 skeletal warriors
  4 sixfirhies (Pan)
  An anaconda zombie (Coc:7)
  A titan skeleton (Tar:7)
  3 shadow demons (Tar:7)
  A salamander (Geh:7)
  A black mamba (Snake:1)
  A smoke demon (Pan)
  3 orange demons (Pan)
  A dire elephant skeleton (Tar:7)
  2 catoblepas zombies
  An ice devil (Coc:7)
  3 red devils (Pan)
  A guardian mummy (Tomb:2)
  4 large abominations (Pan)
  A silent spectre (Tar:7)
  An ice dragon zombie (Tar:7)
  A fire dragon skeleton (Geh:7)
  An ushabti (Tomb:1)
  A ynoxinul (Pan)
  3 chaos spawn (Pan)
  A necrophage (Tar:7)
  9 mummies
  A shadow imp (Tar:7)
81 creatures vanquished.

Vanquished Creatures (others)
  A doom hound (Tar:3)
  A deep elf master archer (Elf:3)
  11 eldritch tentacles
  A sphinx (Vaults:5)
  A nagaraja (Snake:2)
  A fire giant (Depths:1)
  A cacodemon (Dis:7)
  A deep elf elementalist (Elf:3)
  A draconian annihilator (Pan)
  3 stone giants
  A war gargoyle (Dis:7)
  Nessos (Orc:2)
  A starcursed mass (Abyss:3)
  A deep elf demonologist (Vaults:1)
  A blizzard demon (Pan)
  A green death (Pan)
  A deep elf high priest (Elf:3)
  A satyr (Shoals:4)
  A death scarab (Tomb:2)
  4 naga sharpshooters
  A wretched star (Abyss:3)
  3 deep elf knights
  A sun demon (Geh:7)
  2 wizards (Pan)
  A phantasmal warrior (Geh:6)
  7 deep elf archers
  A wolf spider (Vaults:2)
  4 deep elf magi
  A naga mage (Snake:4)
  2 large abominations (Abyss:3)
  A smoke demon (D:13)
  7 yaktaurs
  2 wind drakes (Pan)
  A flying skull (Coc:7)
  A human (Elf:1)
  A small abomination (Abyss:2)
  2 hell hounds (Geh:1)
  A necrophage (Geh:4)
  A centaur zombie (Geh:1)
  An iron imp (Dis:7)
  A mummy (Tomb:2)
  A shadow imp (D:9)
  7 ball lightnings (Pan)
  9 fungi
  2 lurking horrors
  29 plants
  21 starspawn tentacles
  12 tentacles
  14 withered plants (Crypt:2)
172 creatures vanquished.

Grand Total: 5831 creatures vanquished

Notes
Turn   | Place    | Note
-------+----------+-------------------------------------------
     0 | D:1      | DerDa the Minotaur Berserker began the quest for the Orb.
     0 | D:1      | Reached XP level 1. HP: 19/19 MP: 0/0
   226 | D:1      | Reached XP level 2. HP: 27/27 MP: 1/1
   718 | D:2      | Reached ** piety under Trog
   718 | D:2      | Reached XP level 3. HP: 18/33 MP: 2/2
  1076 | D:2      | Noticed Robin
  1083 | D:2      | Killed Robin
  1083 | D:2      | Reached XP level 4. HP: 19/41 MP: 3/3
  1352 | D:3      | Noticed Sigmund
  1362 | D:3      | Killed Sigmund
  1362 | D:3      | Reached skill level 5 in Fighting
  1362 | D:3      | Reached XP level 5. HP: 48/48 MP: 4/4
  1489 | D:3      | Noticed Ijyb
  1516 | D:3      | Killed Ijyb
  1516 | D:3      | Reached XP level 6. HP: 42/56 MP: 5/5
  1576 | D:3      | Found a shadowy altar of Dithmenos.
  1831 | D:3      | Reached skill level 1 in Shields
  1894 | D:3      | Reached *** piety under Trog
  2160 | D:3      | Found a blossoming altar of Fedhas.
  2304 | D:4      | Reached skill level 5 in Long Blades
  2309 | D:4      | Found a snail-covered altar of Cheibriados.
  2342 | D:4      | Found Ideor's Distillery.
  2345 | D:4      | Bought a potion of curing for 39 gold pieces
  2345 | D:4      | Bought a potion of heal wounds for 65 gold pieces
  2345 | D:4      | Bought a potion of might for 52 gold pieces
  2517 | D:4      | Found a staircase to the Ecumenical Temple.
  2517 | D:4      | Noticed a wyvern
  2522 | D:4      | Killed a wyvern
  2522 | D:4      | Reached skill level 5 in Dodging
  2522 | D:4      | Reached XP level 7. HP: 23/64 MP: 1/6
  2536 | Temple   | Entered the Ecumenical Temple
  2695 | D:4      | Noticed Duvessa
  2695 | D:4      | Noticed Dowan
  2717 | Temple   | Killed Dowan
  2718 | Temple   | Killed Duvessa
  3077 | D:5      | Entered Level 5 of the Dungeon
  3081 | D:5      | Reached XP level 8. HP: 73/73 MP: 7/7
  3131 | D:5      | Reached skill level 5 in Armour
  3436 | D:5      | Found Dewn's Book Emporium.
  3885 | D:6      | Found a runed translucent door.
  3886 | D:6      | Noticed Crazy Yiuf
  3892 | D:6      | Killed Crazy Yiuf
  4042 | D:6      | Found a shadowy altar of Dithmenos.
  4243 | D:7      | Reached **** piety under Trog
  4315 | D:7      | Reached XP level 9. HP: 61/82 MP: 6/8
  4347 | D:7      | Noticed Pikel
  4394 | D:7      | Killed Pikel
  4394 | D:7      | Reached skill level 5 in Shields
  4898 | D:8      | Noticed Joseph
  5223 | D:8      | Killed Joseph
  5223 | D:8      | Reached skill level 10 in Fighting
  5223 | D:8      | Reached XP level 10. HP: 75/93 MP: 9/9
  5225 | D:8      | Noticed Psyche
  5232 | D:8      | Killed Psyche
  5511 | D:8      | Found a staircase to the Lair.
  6234 | D:8      | Found an iron altar of Okawaru.
  6300 | D:9      | Noticed Grum
  6303 | D:9      | Reached skill level 10 in Dodging
  6312 | D:9      | Killed Grum
  6325 | D:9      | Noticed Prince Ribbit
  6335 | D:9      | Killed Prince Ribbit
  6416 | D:9      | Reached ***** piety under Trog
  6416 | D:9      | Received a gift from Trog
  6562 | D:9      | HP: 7/144 [orc wizard/magic dart (5)]
  6825 | D:9      | Found a staircase to the Orcish Mines.
  6984 | D:9      | Reached XP level 11. HP: 97/102 MP: 10/10
  7166 | D:10     | Entered Level 10 of the Dungeon
  7353 | D:10     | You fall into a shaft and drop 3 floors!
  7487 | D:13     | Noticed a deep elf mage
  7495 | D:13     | Killed a deep elf mage
  7587 | D:13     | Noticed a green ugly thing
  7599 | D:13     | Killed a green ugly thing
  7866 | D:13     | You fall into a shaft and drop 1 floor!
  8558 | D:13     | Received a gift from Trog
  8603 | D:12     | Noticed Fannar
  8624 | D:12     | Killed Fannar
  8651 | D:12     | Noticed a purple ugly thing
  8653 | D:12     | Killed an unseen horror
  8661 | D:12     | Killed a purple ugly thing
  8661 | D:12     | Reached XP level 12. HP: 25/113 MP: 11/11
  8771 | D:12     | Noticed a four-headed hydra
  9089 | D:12     | Killed a four-headed hydra
  9089 | D:12     | Reached skill level 10 in Long Blades
  9758 | D:12     | Found a runed translucent gate.
  9758 | D:12     | Found a runed translucent gate.
  9758 | D:12     | Found a runed translucent gate.
  9758 | D:12     | Noticed a cyan very ugly thing
  9760 | D:12     | Noticed a red very ugly thing
 10172 | D:12     | Killed a brown very ugly thing
 10175 | D:12     | Killed a brown very ugly thing
 10175 | D:12     | Reached skill level 10 in Armour
 10193 | D:12     | HP: 4/115 [red ugly thing (10)]
 10620 | D:12     | Found a runed translucent gate.
 10620 | D:12     | Found a runed translucent gate.
 10625 | D:12     | Noticed a fire dragon
 10625 | D:12     | Noticed Vumeko Hunn's ghost (journeyman MfSu)
 10628 | D:12     | Found a runed translucent gate.
 10632 | D:12     | a fire dragon changed into a tyrant leech
 10734 | D:11     | Noticed a two-headed ogre
 10744 | D:11     | Killed a two-headed ogre
 10835 | D:11     | Received a gift from Trog
 10841 | D:11     | Noticed a two-headed ogre
 10846 | D:11     | Killed a two-headed ogre
 10859 | D:11     | Identified 2 scrolls of acquirement
 10861 | D:11     | Got an ebony falchion {god gift}
 10960 | D:11     | Noticed a seven-headed hydra
 10971 | D:11     | Identified the +2 falchion of Grace {slice, +Rage rElec}
                  | (Trog gifted it to you on level 11 of the Dungeon)
 10976 | D:11     | Killed a seven-headed hydra
 11136 | D:11     | Reached XP level 13. HP: 100/124 MP: 12/12
 11205 | D:11     | Noticed Josephine
 11217 | D:11     | Killed Josephine
 11718 | D:10     | Got a polished ring mail
 11728 | D:10     | Identified the +1 ring mail "Hexau" {rF+ Str+2} (You found
                  | it on level 10 of the Dungeon)
 11772 | D:10     | Reached skill level 10 in Shields
 11946 | Lair:1   | Entered Level 1 of the Lair of Beasts
 12271 | Lair:1   | Received a gift from Trog
 12692 | Lair:2   | Found a staircase to the Snake Pit.
 12796 | Lair:2   | You fall into a shaft and drop 1 floor!
 13705 | Lair:2   | Got a brightly glowing diamond amulet
 13707 | Lair:2   | Identified the amulet of Xuerchehy {Faith Int+4 SInv} (You
                  | found it on level 2 of the Lair of Beasts)
 13801 | Lair:2   | Reached skill level 15 in Fighting
 14004 | Snake:1  | Entered Level 1 of the Snake Pit
 14269 | Lair:3   | Received a gift from Trog
 14439 | Lair:3   | Found a staircase to the Shoals.
 14646 | Lair:4   | Noticed Sonja
 14654 | Lair:4   | Killed Sonja
 14969 | Lair:4   | Reached XP level 14. HP: 110/135 MP: 13/13
 15000 | Lair:4   | Identified the +1 plate armour of Daefit {Int+4} (You
                  | acquired it on level 4 of the Lair of Beasts)
 15000 | Lair:4   | Identified the +4 lajatang of the Tired Stars {distort,
                  | rPois rC- MR+} (You acquired it on level 4 of the Lair of
                  | Beasts)
 15232 | Lair:5   | Found a runed translucent door.
 15233 | Lair:5   | Found a viscous altar of Jiyva.
 15840 | Lair:5   | Got a bloodstained trident
 15841 | Lair:5   | Identified the cursed +2 trident "Budwizxe" {venom, Int+4}
                  | (You found it on level 5 of the Lair of Beasts)
 15931 | Lair:5   | Found a staircase to the Slime Pits.
 16385 | Lair:6   | Entered Level 6 of the Lair of Beasts
 16728 | Lair:6   | Found a gate leading to a gauntlet.
 16745 | Gauntlet | Entered a Gauntlet
 16745 | Gauntlet | Found a transporter.
 16745 | Gauntlet | Found a transporter.
 16745 | Gauntlet | Found a transporter.
 16755 | Gauntlet | Found a transporter.
 16759 | Gauntlet | Found a transporter.
 16766 | Gauntlet | Found a transporter.
 16769 | Gauntlet | Found a transporter.
 16771 | Gauntlet | Found the +2 pair of boots of the Assassin {Detection Stab+
                  | Stlth++}
 16777 | Gauntlet | Found a transporter.
 16795 | Gauntlet | Found a transporter.
 16800 | Gauntlet | Found a transporter.
 16803 | Gauntlet | Found a transporter.
 16813 | Gauntlet | Found a transporter.
 16953 | Gauntlet | Reached skill level 15 in Dodging
 17036 | Gauntlet | Got a twitching silver ring
 17042 | Gauntlet | Identified the ring "Tonal" {rF+ AC+3} (You found it in a
                  | Gauntlet)
 17376 | Gauntlet | Got an ancient copper ring
 17467 | Lair:6   | Identified the ring of Cumeiwoe {rElec rF+ rC- rN+ Dex+4}
                  | (You found it in a Gauntlet)
 17728 | Lair:6   | Paralysed by fainting for 5 turns
 18176 | Lair:6   | Received a gift from Trog
 19086 | Orc:1    | Entered Level 1 of the Orcish Mines
 19086 | Orc:1    | Noticed Maurice
 19445 | Orc:1    | Killed Maurice
 19576 | Orc:1    | Noticed Jorgrun
 19610 | Orc:1    | Killed Jorgrun
 19610 | Orc:1    | Reached XP level 15. HP: 48/145 MP: 14/14
 19975 | Orc:1    | Received a gift from Trog
 20131 | Orc:2    | Entered Level 2 of the Orcish Mines
 20165 | Orc:2    | Reached skill level 1 in Evocations
 20377 | Orc:2    | Found a roughly hewn altar of Beogh.
 20447 | Orc:2    | Noticed Nessos
 20455 | Orc:2    | Killed Nessos
 20732 | Orc:2    | Found a staircase to the Elven Halls.
 20808 | Orc:2    | Noticed Donald
 20839 | Orc:2    | Killed Donald
 20964 | Orc:2    | Found Rityl's Magic Scroll Shop.
 20987 | Orc:2    | Bought a scroll of identify for 28 gold pieces
 20987 | Orc:2    | Bought a scroll of identify for 28 gold pieces
 20987 | Orc:2    | Bought a scroll of identify for 28 gold pieces
 20987 | Orc:2    | Bought a scroll of identify for 28 gold pieces
 20987 | Orc:2    | Bought a scroll of identify for 28 gold pieces
 21003 | Orc:2    | Found an ancient bone altar of Kikubaaqudgha.
 21003 | Orc:2    | Noticed Nergalle
 21024 | Orc:2    | Killed Nergalle
 21028 | Orc:2    | Paralysed by an orc sorcerer for 3 turns
 21050 | Orc:2    | Found Xowkaan's Distillery.
 21053 | Orc:2    | Noticed Erolcha
 21059 | Orc:2    | Paralysed by an orc sorcerer for 2 turns
 21071 | Orc:2    | Killed Erolcha
 21083 | Orc:2    | Found a radiant altar of Vehumet.
 21141 | Orc:2    | Found a roughly hewn altar of Beogh.
 21141 | Orc:2    | Found Doyxuh Sekh's Book Shop.
 21142 | Orc:2    | Found Toepnuz's Antique Armour Boutique.
 21192 | Orc:2    | Bought a steaming hat for 225 gold pieces
 21236 | Orc:2    | Identified the +1 hat of Knowledge {rPois rC- Str+3} (You
                  | bought it in a shop on level 2 of the Orcish Mines)
 21483 | D:14     | Noticed Frances
 21511 | D:14     | Killed Frances
 21592 | D:14     | Received a gift from Trog
 21833 | D:14     | Found a gate to the Vaults.
 22000 | D:15     | Entered Level 15 of the Dungeon
 22286 | D:15     | Received a gift from Trog
 22879 | D:15     | Found a staircase to the Depths.
 23152 | Snake:1  | Reached XP level 16. HP: 114/157 MP: 17/17
 23513 | Snake:1  | Got a fine pewter amulet
 23668 | Snake:1  | Received a gift from Trog
 23783 | Snake:1  | Identified the amulet of Midwinter {Inacc +Fly rC++ MR-
                  | Stlth+} (You found it on level 1 of the Snake Pit)
 24179 | Snake:2  | Reached skill level 15 in Armour
 24196 | Snake:2  | Noticed Vashnia
 24456 | Snake:1  | Killed Vashnia
 25272 | Snake:2  | Received a gift from Trog
 25715 | Snake:2  | Noticed Louise
 25958 | Snake:2  | Cast into level 3 of the Abyss (Louise)
 25983 | Abyss:3  | Found a corrupted altar of Lugonu.
 26044 | Abyss:3  | Found a corrupted altar of Lugonu.
 26048 | Abyss:3  | Found a viscous altar of Jiyva.
 26351 | Abyss:3  | Reached skill level 5 in Evocations
 26391 | Snake:2  | Escaped the Abyss
 26397 | Snake:2  | Killed Louise
 26788 | Snake:3  | Noticed Bai Suzhen
 26837 | Snake:2  | Killed Bai Suzhen
 26902 | Snake:3  | Received a gift from Trog
 26902 | Snake:3  | Reached XP level 17. HP: 155/166 MP: 19/19
 27500 | Snake:4  | Entered Level 4 of the Snake Pit
 27506 | Snake:4  | Found Zudoot's Jewellery Shop.
 28420 | Snake:4  | Received a gift from Trog
 29194 | Snake:4  | Received a gift from Trog
 29195 | Snake:4  | Got a dazzling falchion {god gift}
 29196 | Snake:4  | Identified the +9 falchion "Igomedgh" {antimagic, rElec
                  | Str-3 Int+3} (Trog gifted it to you on level 4 of the Snake
                  | Pit)
 30227 | Snake:4  | Reached skill level 1 in Crossbows
 30443 | Snake:4  | Got a serpentine rune of Zot
 30658 | Shoals:1 | Entered Level 1 of the Shoals
 30791 | Shoals:1 | Received a gift from Trog
 30902 | Shoals:1 | Got a spiked chain mail
 30912 | Shoals:1 | Identified the +7 chain mail of the Grue {-Tele Str+5
                  | Int+4} (You found it on level 1 of the Shoals)
 31378 | Shoals:2 | Noticed Ilsuiw
 31385 | Shoals:2 | Reached XP level 18. HP: 168/176 MP: 21/21
 31448 | Shoals:2 | Killed Ilsuiw
 31771 | Shoals:2 | Found Gecziox's Food Shoppe.
 32047 | Shoals:2 | Received a gift from Trog
 33035 | Shoals:3 | Received a gift from Trog
 33354 | Shoals:4 | Entered Level 4 of the Shoals
 33471 | Shoals:4 | Reached skill level 15 in Long Blades
 34537 | Shoals:4 | Got a barnacled rune of Zot
 34591 | Shoals:4 | Received a gift from Trog
 34629 | Shoals:4 | Identified the +4 long sword of the Endless March {slice,
                  | rC- rN++ Int+4} (Trog gifted it to you on level 4 of the
                  | Shoals)
 34846 | Shoals:4 | Cast into level 2 of the Abyss (merfolk javelineer)
 34850 | Abyss:2  | Found a corrupted altar of Lugonu.
 34872 | Abyss:2  | Found a corrupted altar of Lugonu.
 35248 | Abyss:2  | Noticed a bone dragon
 35421 | Abyss:2  | Noticed a lich
 35638 | Abyss:2  | Received a gift from Trog
 35893 | Shoals:4 | Escaped the Abyss
 36520 | D:12     | Killed Vumeko Hunn's ghost
 36564 | D:12     | Gained mutation: Your body often deteriorates upon taking
                  | damage. [mutagenic glow]
 36619 | D:12     | Gained mutation: You do not regenerate when monsters are
                  | visible. [mutagenic glow]
 36794 | Elf:1    | Entered Level 1 of the Elven Halls
 36821 | Elf:1    | Reached skill level 5 in Crossbows
 37132 | Elf:1    | Received a gift from Trog
 37172 | Elf:1    | Reached XP level 19. HP: 45/185 MP: 23/23
 37181 | Elf:1    | Lost mutation: Your body sometimes deteriorates upon taking
                  | damage. [potion of mutation]
 37181 | Elf:1    | Gained mutation: You are partially covered in thin metallic
                  | scales. (AC +2) [potion of mutation]
 37181 | Elf:1    | Gained mutation: You are covered in fur. (AC +1) [potion of
                  | mutation]
 37182 | Elf:1    | Lost mutation: You do not regenerate when monsters are
                  | visible. [potion of mutation]
 37182 | Elf:1    | Gained mutation: Your spells are a little harder to cast,
                  | but a little more powerful. [potion of mutation]
 37182 | Elf:1    | Gained mutation: You have a pair of large horns on your
                  | head. [potion of mutation]
 37182 | Elf:1    | Gained mutation: You have very sharp teeth. [potion of
                  | mutation]
 37183 | Elf:1    | Lost mutation: Your spells are a little harder to cast, but
                  | a little more powerful. [potion of mutation]
 37183 | Elf:1    | Lost mutation: You are covered in fur. (AC +1) [potion of
                  | mutation]
 37183 | Elf:1    | Gained mutation: Scrolls take you a little longer to read.
                  | [potion of mutation]
 37183 | Elf:1    | Gained mutation: Your muscles are strong. (Str +2) [potion
                  | of mutation]
 37184 | Elf:1    | Lost mutation: You have a pair of large horns on your head.
                  | [potion of mutation]
 37184 | Elf:1    | Lost mutation: Your muscles are strong. (Str +2) [potion of
                  | mutation]
 37184 | Elf:1    | Lost mutation: Scrolls take you a little longer to read.
                  | [potion of mutation]
 37184 | Elf:1    | Lost mutation: You have very sharp teeth. [potion of
                  | mutation]
 37184 | Elf:1    | Gained mutation: You are resistant to hostile enchantments.
                  | (MR+) [potion of mutation]
 37184 | Elf:1    | Gained mutation: You have supernaturally acute eyesight.
                  | (SInv) [potion of mutation]
 37772 | Elf:1    | Received a gift from Trog
 37789 | Elf:1    | Noticed Kirke
 37800 | Elf:1    | Killed Kirke
 38250 | Elf:1    | Reached skill level 15 in Shields
 38504 | Elf:2    | Found Muotus's Antique Weapon Shop.
 38508 | Elf:2    | Bought a warped long sword for 280 gold pieces
 38508 | Elf:2    | Identified the +10 long sword of Causmicaqa {flame, rPois
                  | MR+} (You bought it in a shop on level 2 of the Elven
                  | Halls)
 38537 | Elf:2    | Found a runed translucent gate.
 38537 | Elf:2    | Found a runed translucent gate.
 38538 | Elf:2    | Found a runed translucent gate.
 38648 | Elf:2    | Received a gift from Trog
 39232 | Elf:2    | Received a gift from Trog
 39457 | Elf:3    | Entered Level 3 of the Elven Halls
 39753 | Elf:3    | Received a gift from Trog
 39770 | Elf:3    | Noticed Asterion
 39781 | Elf:3    | Killed Asterion
 40008 | Elf:3    | Found a runed translucent gate.
 40009 | Elf:3    | Found a runed translucent gate.
 40011 | Elf:3    | Found a runed translucent gate.
 40014 | Elf:3    | Noticed flestrin's ghost (adept MiFi)
 40323 | Elf:3    | Killed flestrin's ghost
 40576 | Elf:3    | Got a pair of ancient gloves
 40581 | Elf:3    | Identified the cursed +0 pair of gloves "Nic Keroge"
                  | {rCorr} (You found it on level 3 of the Elven Halls)
 40805 | Elf:3    | Identified the +3 leather armour of the Trombone {Regen+
                  | Str+4 Int-3 Dex+5}
 40823 | Elf:3    | Reached XP level 20. HP: 170/195 MP: 25/25
 40915 | Elf:3    | Received a gift from Trog
 40918 | Elf:3    | Identified the +4 long sword of Blood-Lust {slice, *Noise
                  | MR+++ MP-9 SInv} (Trog gifted it to you on level 3 of the
                  | Elven Halls)
 41190 | Elf:3    | Identified the +2 glaive "Kanedafu" {drain, rPois MR+}
 41276 | Elf:3    | Identified the ring "Ginkum" {Str+6 Int+3}
 41404 | Elf:3    | Identified the +8 rapier of Yesterday {pierce, rN+ MP-9
                  | Dex+7}
 41493 | Elf:3    | Identified the ring "Zeickost" {rCorr Str+4 SInv}
 41608 | Elf:3    | Identified the +4 fustibalus "Kisorph" {flame, Int+6} (You
                  | found it on level 3 of the Elven Halls)
 41991 | Depths:1 | Entered Level 1 of the Depths
 42012 | Depths:1 | Received a gift from Trog
 42815 | Depths:1 | Found a gateway to Hell.
 43001 | Depths:1 | Identified the +4 buckler "Tuit" {rF- rN+ Str-3 Dex+6} (You
                  | found it on level 1 of the Depths)
 43060 | Depths:1 | Received a gift from Trog
 43476 | Depths:1 | Found Axinof's Weapon Shoppe.
 43477 | Depths:1 | Found Jaem's Distillery.
 43477 | Depths:1 | Found Guman's Gadget Shoppe.
 43492 | Depths:1 | Found Vamouho's Antique Weapon Emporium.
 44023 | Vaults:1 | Entered Level 1 of the Vaults
 44084 | Vaults:1 | Reached XP level 21. HP: 155/205 MP: 27/27
 44219 | Vaults:1 | Found Qoanaola's Book Shop.
 44223 | Vaults:1 | Received a gift from Trog
 44640 | Vaults:1 | Received a gift from Trog
 44905 | Vaults:1 | Reached ****** piety under Trog
 44915 | Vaults:1 | Reached skill level 10 in Crossbows
 45062 | Vaults:1 | Received a gift from Trog
 45241 | Vaults:1 | Found Jeerumpose's General Store.
 45270 | Vaults:1 | Found Yssompy's Book Emporium.
 45596 | Vaults:2 | Noticed Nikola
 45618 | Vaults:2 | Killed Nikola
 46091 | Vaults:2 | Received a gift from Trog
 46775 | Vaults:2 | Identified the +11 arbalest of Supply {speed, rC+++ rN++
                  | Int+3 Dex-5}
 46811 | Vaults:2 | Found Fumelit's Assorted Antiques.
 46997 | Vaults:3 | Received a gift from Trog
 47017 | Vaults:3 | Reached skill level 10 in Evocations
 47290 | Vaults:3 | Found a staircase to the Crypt.
 47335 | Vaults:3 | Received a gift from Trog
 47540 | Vaults:3 | Reached XP level 22. HP: 215/215 MP: 28/28
 47660 | Vaults:3 | Found a portal to a secret trove of treasure.
 47780 | Vaults:3 | Received a gift from Trog
 48729 | Crypt:1  | Entered Level 1 of the Crypt
 48834 | Vaults:4 | Received a gift from Trog
 49303 | Vaults:4 | Received a gift from Trog
 50038 | Vaults:4 | Found Ilaseso's Jewellery Shoppe.
 50701 | Depths:2 | Identified the cursed +0 hand crossbow "Irrod" {penet, MP+9
                  | Int+4} (You found it on level 2 of the Depths)
 50708 | Depths:2 | Received a gift from Trog
 51748 | Depths:2 | Reached XP level 23. HP: 113/225 MP: 30/30
 51848 | Depths:2 | Received a gift from Trog
 51884 | Depths:2 | Identified the amulet of Starshine {+Rage Str+3}
 51888 | Depths:2 | Identified the ring of the Hart {rF+ MR+}
 51894 | Depths:2 | Identified the ring of Disaster {rPois Str+5}
 51903 | Depths:2 | Noticed a caustic shrike
 51912 | Depths:2 | Killed a caustic shrike
 51952 | Depths:2 | Identified the ring "Xeofiaph" {+Inv Str+2 Int+5 Dex-2
                  | Stlth+} (You found it on level 2 of the Depths)
 52161 | Depths:3 | Found a gateway to a ziggurat.
 52276 | Depths:3 | Found a magical portal.
 52654 | WizLab   | Identified the ring "Vumymoes" {+Fly rPois rC+ rN+ Dex+2}
 52654 | WizLab   | Noticed a greater mummy
 52665 | WizLab   | Killed a greater mummy
 53234 | WizLab   | Received a gift from Trog
 53578 | Depths:3 | Noticed Frederick
 53589 | Depths:3 | Killed Frederick
 54114 | Depths:3 | Noticed a caustic shrike
 54114 | Depths:3 | Noticed a caustic shrike
 54114 | Depths:3 | Noticed a caustic shrike
 54114 | Depths:3 | Noticed a juggernaut
 54126 | Depths:3 | Killed a caustic shrike
 54134 | Depths:3 | Killed a caustic shrike
 54141 | Depths:3 | Killed a caustic shrike
 54146 | Depths:3 | Killed a juggernaut
 54208 | Depths:3 | Got a glittering pewter ring
 54211 | Depths:3 | Identified the ring of Ascent {+Blink Int+2 SInv} (You
                  | found it on level 3 of the Depths)
 54259 | Depths:3 | Received a gift from Trog
 54406 | Depths:3 | Found a one-way gate leading to the halls of Pandemonium.
 54754 | Depths:4 | Reached XP level 24. HP: 231/237 MP: 8/30
 54814 | Depths:4 | Received a gift from Trog
 55836 | Depths:4 | Found a one-way gate to the infinite horrors of the Abyss.
 55837 | Depths:4 | Noticed Mennas
 55867 | Depths:4 | Killed Mennas
 55913 | Depths:4 | Noticed an ancient lich
 55932 | Depths:4 | Killed an ancient lich
 55932 | Depths:4 | Received a gift from Trog
 55939 | Depths:4 | Got a crystal falchion {god gift}
 55946 | Depths:4 | Identified the +10 falchion "Zuckis" {slice, rElec rC+ rN+}
                  | (Trog gifted it to you on level 4 of the Depths)
 56572 | Depths:5 | Entered Level 5 of the Depths
 57018 | Depths:5 | Found Atsazom's Book Shoppe.
 57053 | Depths:5 | Received a gift from Trog
 57112 | Depths:5 | Reached skill level 15 in Crossbows
 58744 | Depths:5 | Received a gift from Trog
 58744 | Depths:5 | Reached XP level 25. HP: 169/247 MP: 21/31
 59199 | Depths:5 | Found a gate to the Realm of Zot.
 59234 | Depths:5 | Noticed the Enchantress
 59313 | Depths:5 | Killed the Enchantress
 59649 | Vaults:5 | Entered Level 5 of the Vaults
 59977 | Vaults:5 | Received a gift from Trog
 59987 | Vaults:5 | Noticed Xtahua
 60442 | Vaults:5 | Identified the ring of Xaedybowu {+Fly rC+}
 60509 | Vaults:5 | Received a gift from Trog
 60742 | Vaults:5 | Identified the +10 plate armour of Kaxtut {rF+ Str+4
                  | Slay+3} (You found it on level 5 of the Vaults)
 60824 | Vaults:5 | Identified the amulet of Xukluwio {Gourm +Blink rN+ MR-
                  | Str+4}
 61092 | Vaults:5 | Identified the Tome of the Traveller
 61156 | Vaults:5 | Killed Xtahua
 61359 | Vaults:4 | Received a gift from Trog
 61622 | Vaults:5 | Reached XP level 26. HP: 172/258 MP: 31/31
 61668 | Vaults:5 | Identified the ring of Aheusm {rF+ rC+}
 61739 | Vaults:5 | Found Lirgh's Magic Scroll Shop.
 61751 | Vaults:5 | Identified the +1 plate armour "Qeja Dee" {rPois Stlth+}
                  | (You found it on level 5 of the Vaults)
 61935 | Vaults:5 | Received a gift from Trog
 62059 | Vaults:5 | Identified the +6 demon whip of Arbitration {flame, rPois
                  | MP+9 Dex+4}
 62182 | Vaults:5 | Got a silver rune of Zot
 63167 | D:15     | Paralysed by fainting for 8 turns
 63328 | Zot:1    | Entered Level 1 of the Realm of Zot
 63545 | Zot:1    | Received a gift from Trog
 64756 | Zot:2    | Received a gift from Trog
 65359 | Zot:3    | Noticed an orb of fire
 65652 | Zot:3    | Reached XP level 27. HP: 240/268 MP: 32/32
 65748 | Zot:3    | HP: 6/269 [orb of fire/fireball (27)]
 65753 | Zot:3    | Gained mutation: You are clumsy. (Dex -2) [an orb of fire]
 66129 | Zot:3    | Gained mutation: You are weak. (Str -2) [an orb of fire]
 66141 | Zot:3    | Killed an orb of fire
 66270 | Zot:3    | Received a gift from Trog
 66948 | Zot:4    | Noticed an orb of fire
 66950 | Zot:4    | Noticed an orb of fire
 66950 | Zot:4    | Noticed an orb of fire
 66957 | Zot:4    | Gained mutation: Your magical capacity is low. (-10% MP)
                  | [an orb of fire]
 66961 | Zot:4    | Gained mutation: You are dopey. (Int -2) [an orb of fire]
 67307 | Zot:4    | Killed an orb of fire
 67311 | Zot:4    | Gained mutation: You are very clumsy. (Dex -4) [an orb of
                  | fire]
 67322 | Zot:4    | Killed an orb of fire
 67326 | Zot:4    | Gained mutation: Armour fits poorly on your strangely
                  | shaped body. [an orb of fire]
 67337 | Zot:4    | Gained mutation: You are very weak. (Str -4) [an orb of
                  | fire]
 67354 | Zot:4    | Gained mutation: You occasionally shout uncontrollably at
                  | your foes. [an orb of fire]
 67356 | Zot:4    | Gained mutation: You are very dopey. (Int -4) [an orb of
                  | fire]
 67365 | Zot:4    | Killed an orb of fire
 67418 | Zot:1    | Lost mutation: You are partially covered in thin metallic
                  | scales. (AC +2) [potion of mutation]
 67418 | Zot:1    | Lost mutation: You are very clumsy. (Dex -4) [potion of
                  | mutation]
 67418 | Zot:1    | Lost mutation: You are very dopey. (Int -4) [potion of
                  | mutation]
 67418 | Zot:1    | Lost mutation: You are dopey. (Int -2) [potion of mutation]
 67418 | Zot:1    | Lost mutation: You occasionally shout uncontrollably at
                  | your foes. [potion of mutation]
 67418 | Zot:1    | Gained mutation: You have large cloven feet. [potion of
                  | mutation]
 67548 | Depths:4 | Lost mutation: You are very weak. (Str -4) [potion of
                  | mutation]
 67548 | Depths:4 | Lost mutation: Armour fits poorly on your strangely shaped
                  | body. [potion of mutation]
 67548 | Depths:4 | Lost mutation: You have large cloven feet. [potion of
                  | mutation]
 67548 | Depths:4 | Lost mutation: You are resistant to hostile enchantments.
                  | (MR+) [potion of mutation]
 67548 | Depths:4 | Lost mutation: You are weak. (Str -2) [potion of mutation]
 67548 | Depths:4 | Gained mutation: Armour fits poorly on your strangely
                  | shaped body. [potion of mutation]
 67548 | Depths:4 | Gained mutation: You possess an exceptional clarity of
                  | mind. [potion of mutation]
 67548 | Depths:4 | Gained mutation: You have sharp toenails. [potion of
                  | mutation]
 67615 | Depths:3 | Lost mutation: You are clumsy. (Dex -2) [potion of
                  | mutation]
 67615 | Depths:3 | Lost mutation: You possess an exceptional clarity of mind.
                  | [potion of mutation]
 67615 | Depths:3 | Lost mutation: You have supernaturally acute eyesight.
                  | (SInv) [potion of mutation]
 67615 | Depths:3 | Gained mutation: Scrolls take you a little longer to read.
                  | [potion of mutation]
 67615 | Depths:3 | Gained mutation: You tend to lose your temper in combat.
                  | [potion of mutation]
 67615 | Depths:3 | Gained mutation: You are resistant to electric shocks.
                  | (rElec) [potion of mutation]
 67616 | Depths:3 | Lost mutation: You have sharp toenails. [potion of
                  | mutation]
 67616 | Depths:3 | Lost mutation: Your magical capacity is low. (-10% MP)
                  | [potion of mutation]
 67616 | Depths:3 | Gained mutation: You expend magic power (3 MP) to
                  | strengthen your wands. [potion of mutation]
 67616 | Depths:3 | Lost mutation: You expend magic power (3 MP) to strengthen
                  | your wands. [potion of mutation]
 67616 | Depths:3 | Gained mutation: You are covered in fur. (AC +1) [potion of
                  | mutation]
 67616 | Depths:3 | Gained mutation: You have a pair of large horns on your
                  | head. [potion of mutation]
 67711 | Depths:1 | Bought a potion of mutation for 152 gold pieces
 67711 | Depths:1 | Lost mutation: Armour fits poorly on your strangely shaped
                  | body. [potion of mutation]
 67711 | Depths:1 | Lost mutation: You have a pair of large horns on your head.
                  | [potion of mutation]
 67711 | Depths:1 | Lost mutation: Scrolls take you a little longer to read.
                  | [potion of mutation]
 67711 | Depths:1 | Lost mutation: You tend to lose your temper in combat.
                  | [potion of mutation]
 67711 | Depths:1 | Gained mutation: You are agile. (Dex +2) [potion of
                  | mutation]
 67711 | Depths:1 | Gained mutation: You are partially covered in thin metallic
                  | scales. (AC +2) [potion of mutation]
 67711 | Depths:1 | Gained mutation: You have sharp toenails. [potion of
                  | mutation]
 68852 | Zot:4    | Noticed an orb of fire
 68863 | Zot:4    | Killed an orb of fire
 69484 | Temple   | Fell from the grace of Trog
 69484 | Temple   | Became a worshipper of the Shining One
 69787 | Crypt:1  | Reached * piety under the Shining One
 69839 | Crypt:1  | Reached ** piety under the Shining One
 69937 | Vaults:3 | Reached *** piety under the Shining One
 70522 | Crypt:1  | Reached **** piety under the Shining One
 70829 | Crypt:2  | Reached skill level 1 in Invocations
 70862 | Crypt:2  | Reached ***** piety under the Shining One
 70972 | Crypt:1  | HP: 8/271 [stone giant[the rage of Trog] (28)]
 71950 | Crypt:2  | Reached ****** piety under the Shining One
 71960 | Crypt:2  | Identified a +9 eudemon blade of holy wrath (a +9 demon
                  | blade of slicing blessed by the Shining One)
 71960 | Crypt:2  | Received a gift from the Shining One
 72370 | Crypt:3  | Entered Level 3 of the Crypt
 72663 | Crypt:3  | Found an ancient bone altar of Kikubaaqudgha.
 72664 | Crypt:3  | Noticed an ancient lich
 72672 | Crypt:3  | Killed an ancient lich
 72896 | Crypt:3  | Identified Tathomy's Disquisition on Dark Rites
 72901 | Crypt:3  | Got a crude jade ring
 72901 | Crypt:3  | Got a flickering lapis lazuli ring
 73147 | Crypt:3  | Found a staircase to the Tomb.
 73255 | Crypt:3  | Identified the ring of Xom's Regard {rF- rN+ Int+4} (You
                  | found it on level 3 of the Crypt)
 73256 | Crypt:3  | Identified the ring "Feady" {rC++ rN+ Dex-2} (You found it
                  | on level 3 of the Crypt)
 73567 | Hell     | Entered the Vestibule of Hell
 73567 | Hell     | Noticed Murray
 73568 | Hell     | Noticed Geryon
 73659 | Hell     | Killed Geryon
 73659 | Hell     | Reached skill level 5 in Invocations
 73670 | Hell     | Killed Murray
 73829 | Hell     | Found a gateway to the freezing wastes of Cocytus.
 73847 | Hell     | Reached skill level 27 in Fighting
 73977 | Hell     | Found a gateway to the Iron City of Dis.
 74087 | Hell     | Found a gateway to the decaying netherworld of Tartarus.
 74167 | Hell     | Found a gateway to the ashen valley of Gehenna.
 74237 | Hell     | Upgraded the game from 0.25-a0-413-g3b4b6a4ccc to
                  | 0.25-a0-420-g1cc7eeb0d1
 74266 | Geh:1    | Entered Level 1 of Gehenna
 76468 | Geh:4    | Reached skill level 27 in Dodging
 77794 | Geh:5    | Reached skill level 10 in Invocations
 77847 | Geh:5    | Reached skill level 15 in Evocations
 78718 | Coc:1    | Entered Level 1 of Cocytus
 81391 | Coc:3    | You fall into a shaft and drop 2 floors!
 81648 | Coc:5    | Reached skill level 15 in Invocations
 82281 | Coc:6    | Was forgiven by Trog
 83245 | Coc:4    | Gained mutation: You have a pair of large horns on your
                  | head. [mutagenic glow]
 83272 | Coc:4    | Gained mutation: You are very agile. (Dex +4) [mutagenic
                  | glow]
 83443 | Coc:7    | Entered Level 7 of Cocytus
 84131 | Coc:7    | Noticed Antaeus
 84137 | Coc:7    | Identified the +2 leather armour of the Suburbs {rF+}
 84154 | Coc:7    | Killed Antaeus
 84179 | Coc:7    | Got an icy rune of Zot
 84512 | Coc:7    | Gained mutation: You are weak. (Str -2) [mutagenic glow]
 84557 | Coc:7    | Lost mutation: You have sharp toenails. [mutagenic glow]
 84781 | Geh:7    | Entered Level 7 of Gehenna
 85029 | Geh:7    | Identified the +7 sceptre of Asmodeus
 85029 | Geh:7    | Noticed Asmodeus
 85930 | Geh:7    | Killed Asmodeus
 85999 | Geh:7    | Got an obsidian rune of Zot
 86001 | Geh:7    | Got a brightly glowing cloak
 86002 | Geh:7    | Identified the +4 cloak of the Storm King {Int+4 Stlth+}
                  | (You found it on level 7 of Gehenna)
 86226 | Dis:1    | Entered Level 1 of the Iron City of Dis
 86291 | Dis:1    | You fall into a shaft and drop 1 floor!
 86631 | Dis:7    | Entered Level 7 of the Iron City of Dis
 87647 | Dis:7    | Identified the +3 great sword of Instant Death {vorpal,
                  | rElec rN+ Str-4 SInv} (You found it on level 7 of the Iron
                  | City of Dis)
 87672 | Dis:7    | Identified the +9 morningstar of Hiry {drain, Int+2}
 87789 | Dis:7    | Found the +12 glaive of Prune {vorpal}
 87885 | Dis:7    | Identified the +6 plate armour "Ybbamiaq" {+Inv +Fly rCorr
                  | Stlth+}
 87896 | Dis:7    | Gained mutation: Armour fits poorly on your strangely
                  | shaped body. [a cacodemon]
 87915 | Dis:7    | Identified the +4 staff of Dispater
 87915 | Dis:7    | Noticed Dispater
 87942 | Dis:7    | Killed Dispater
 87954 | Dis:7    | Got an iron rune of Zot
 88132 | Tar:1    | Entered Level 1 of Tartarus
 89743 | Tar:7    | Entered Level 7 of Tartarus
 90439 | Tar:7    | Got a clouded copper ring
 90440 | Tar:7    | Identified the ring of Suspicion {+Blink Stlth-} (You found
                  | it on level 7 of Tartarus)
 90688 | Tar:7    | Noticed Ereshkigal
 90700 | Tar:7    | Killed Ereshkigal
 90724 | Tar:7    | Got a bone rune of Zot
 91027 | Depths:2 | Paralysed by fainting for 9 turns
 91088 | Depths:4 | Voluntarily entered the Abyss.
 91294 | Abyss:1  | Lost intelligence.
 91864 | Abyss:3  | Lost intelligence.
 91927 | Abyss:3  | Found a corrupted altar of Lugonu.
 91931 | Abyss:3  | Got an abyssal rune of Zot
 92369 | Depths:4 | Escaped the Abyss
 92674 | Slime:1  | Entered Level 1 of the Pits of Slime
 92806 | Slime:5  | Entered Level 5 of the Pits of Slime
 93103 | Slime:5  | Found a viscous altar of Jiyva.
 93104 | Slime:5  | Noticed the Royal Jelly
 93120 | Slime:5  | Killed the Royal Jelly
 93431 | Slime:5  | Gained mutation: You occasionally shout uncontrollably at
                  | your foes. [a shining eye]
 93438 | Slime:5  | Gained mutation: You are frail. (-10% HP) [a shining eye]
 93553 | Slime:5  | Got a slimy rune of Zot
 93936 | Pan      | Entered Pandemonium
 93951 | Pan      | Found a transporter.
 93956 | Pan      | Found a transporter.
 94463 | Pan      | Found a transporter.
 94589 | Pan      | Found a transporter.
 94589 | Pan      | Found a transporter.
 94639 | Pan      | Identified the +0 shield of the Wild Haggis {rElec rPois
                  | Int+2} (You acquired it in Pandemonium)
 94716 | Pan      | Got a sparkling golden ring
 94718 | Pan      | Identified the ring of Boannud {MP+9 Dex+3} (You found it
                  | in Pandemonium)
 94722 | Pan      | Identified the cursed +0 pair of gloves "Tuxtep" {MR+
                  | Slay+3} (You found it in Pandemonium)
 94891 | Pan      | Found an exit through the horrors of the Abyss.
 95117 | Pan      | Noticed Azocvaqo the pandemonium lord
 95134 | Pan      | Killed Azocvaqo the pandemonium lord
 96350 | Pan      | Got a demonic rune of Zot
 96453 | Pan      | Noticed Humuatyt the pandemonium lord
 96468 | Pan      | Killed Humuatyt the pandemonium lord
 96492 | Pan      | Identified the cursed +0 plate armour "Daphiga" {rPois MP+9
                  | Str+3 Stlth+}
 96572 | Pan      | Found an exit through the horrors of the Abyss.
 96616 | Pan      | Lost mutation: You occasionally shout uncontrollably at
                  | your foes. [a cacodemon]
 96635 | Pan      | Noticed Rigaorgh the pandemonium lord
 96667 | Pan      | Killed Rigaorgh the pandemonium lord
 96680 | Pan      | Identified the +1 ring mail of the Sun {Int+4}
 97863 | Pan      | Reached skill level 27 in Armour
 97977 | Pan      | Noticed Lenicvep the pandemonium lord
 97989 | Pan      | Killed Lenicvep the pandemonium lord
 97997 | Pan      | Identified the amulet of Achas {Faith +Fly rC- MR+} (You
                  | found it in Pandemonium)
 98158 | Pan      | Found a runed translucent door.
 98160 | Pan      | Found a runed translucent door.
 98206 | Pan      | Found a runed translucent door.
 98206 | Pan      | Found a runed translucent door.
 98858 | Pan      | Noticed Tej Qyh the pandemonium lord
 98876 | Pan      | Killed Tej Qyh the pandemonium lord
 99027 | Pan      | Entered the realm of Gloorx Vloq.
 99113 | Pan      | Identified the amulet of Aneacoeq {Acrobat MR+ Dex+2} (You
                  | acquired it in Pandemonium)
 99113 | Pan      | Identified the +2 pair of gloves "Plog" {*Corrode rElec
                  | Slay+4} (You acquired it in Pandemonium)
 99189 | Pan      | Found an exit through the horrors of the Abyss.
 99578 | Pan      | Noticed Gloorx Vloq
 99603 | Pan      | Killed Gloorx Vloq
100034 | Pan      | Got a dark rune of Zot
100155 | Pan      | Noticed Estrun the pandemonium lord
100168 | Pan      | Paralysed by Estrun for 3 turns
100181 | Pan      | Killed Estrun the pandemonium lord
100268 | Pan      | Noticed Hahof the pandemonium lord
100298 | Pan      | Killed Hahof the pandemonium lord
100563 | Pan      | Gained mutation: Scrolls take you a little longer to read.
                  | [a cacodemon]
101057 | Pan      | Entered the realm of Mnoleg.
101220 | Pan      | Gained mutation: Scrolls take you longer to read. [a
                  | cacodemon]
101272 | Pan      | Gained mutation: You occasionally shout uncontrollably at
                  | your foes. [a neqoxec]
101275 | Pan      | Lost intelligence.
101279 | Pan      | Gained mutation: Your body sometimes deteriorates upon
                  | taking damage. [a neqoxec]
101290 | Pan      | Gained mutation: You have very sharp teeth. [a neqoxec]
101359 | Pan      | Noticed Mnoleg
101364 | Pan      | Killed Mnoleg
101397 | Pan      | Got a glowing rune of Zot
101515 | Pan      | Entered the realm of Lom Lobon.
101607 | Pan      | Lost mutation: You are resistant to electric shocks.
                  | (rElec) [potion of mutation]
101607 | Pan      | Lost mutation: You are weak. (Str -2) [potion of mutation]
101607 | Pan      | Lost mutation: You are frail. (-10% HP) [potion of
                  | mutation]
101607 | Pan      | Gained mutation: You are resistant to electric shocks.
                  | (rElec) [potion of mutation]
101812 | Pan      | Found an exit through the horrors of the Abyss.
102215 | Pan      | Noticed Lom Lobon
102267 | Pan      | Killed Lom Lobon
102341 | Pan      | Got a magical rune of Zot
102736 | Pan      | Entered the realm of Cerebov.
102840 | Pan      | Found an exit through the horrors of the Abyss.
103508 | Pan      | Identified the Tome of Burning Execration
103652 | Pan      | Got a transparent platinum ring
103664 | Pan      | Identified the ring of the Queen {rC- rN+ MR+ Dex+4 Stlth+}
                  | (You found it in Pandemonium)
103726 | Pan      | Identified the +6 sword of Cerebov {flame}
103726 | Pan      | Noticed Cerebov
103764 | Pan      | Killed Cerebov
103868 | Pan      | Got a fiery rune of Zot
103946 | Depths:3 | Escaped Pandemonium
104000 | D:15     | Lost mutation: You have a pair of large horns on your head.
                  | [potion of mutation]
104000 | D:15     | Lost mutation: Your body sometimes deteriorates upon taking
                  | damage. [potion of mutation]
104000 | D:15     | Lost mutation: Scrolls take you longer to read. [potion of
                  | mutation]
104000 | D:15     | Gained mutation: Your spells are a little harder to cast,
                  | but a little more powerful. [potion of mutation]
104001 | D:15     | Lost mutation: Scrolls take you a little longer to read.
                  | [potion of mutation]
104001 | D:15     | Lost mutation: You are partially covered in thin metallic
                  | scales. (AC +2) [potion of mutation]
104001 | D:15     | Lost mutation: Your spells are a little harder to cast, but
                  | a little more powerful. [potion of mutation]
104001 | D:15     | Lost mutation: Armour fits poorly on your strangely shaped
                  | body. [potion of mutation]
104001 | D:15     | Gained mutation: Your movements are slightly less
                  | encumbered by armour. (ER -2) [potion of mutation]
104001 | D:15     | Gained mutation: You have large cloven feet. [potion of
                  | mutation]
104252 | Tomb:1   | Entered Level 1 of the Tomb of the Ancients
104818 | Tomb:1   | Reached skill level 27 in Long Blades
104820 | Tomb:1   | Noticed a greater mummy
104833 | Tomb:1   | Killed a greater mummy
105204 | Tomb:2   | Noticed a greater mummy
105205 | Tomb:2   | Noticed a greater mummy
105206 | Tomb:2   | Noticed a greater mummy
105208 | Tomb:2   | Noticed a greater mummy
105213 | Tomb:2   | Killed a greater mummy
105217 | Tomb:2   | Killed a greater mummy
105217 | Tomb:2   | Killed a greater mummy
105219 | Tomb:2   | Killed a greater mummy
105219 | Tomb:2   | Reached skill level 27 in Shields
105261 | Tomb:2   | Reached skill level 27 in Invocations
105518 | Tomb:1   | Noticed a greater mummy
105519 | Tomb:1   | Noticed a greater mummy
105519 | Tomb:1   | Noticed a greater mummy
105520 | Tomb:1   | Noticed a greater mummy
105520 | Tomb:1   | Noticed a greater mummy
105523 | Tomb:1   | Killed a greater mummy
105524 | Tomb:1   | Killed a greater mummy
105529 | Tomb:1   | Killed a greater mummy
105532 | Tomb:1   | Killed a greater mummy
105540 | Tomb:1   | Killed a greater mummy
105683 | Tomb:1   | Noticed a greater mummy
105686 | Tomb:1   | Killed a greater mummy
105749 | Tomb:1   | Noticed a greater mummy
105757 | Tomb:1   | Killed a greater mummy
105790 | Tomb:1   | Noticed a greater mummy
105800 | Tomb:1   | Killed a greater mummy
105810 | Tomb:1   | Noticed a greater mummy
105823 | Tomb:1   | Killed a greater mummy
105863 | Tomb:1   | Noticed a greater mummy
105872 | Tomb:1   | Killed a greater mummy
105974 | Tomb:1   | Noticed a greater mummy
105978 | Tomb:1   | Noticed a greater mummy
105985 | Tomb:1   | Killed a greater mummy
105992 | Tomb:1   | Killed a greater mummy
106147 | Tomb:1   | Noticed a greater mummy
106154 | Tomb:1   | Killed a greater mummy
106170 | Tomb:1   | Noticed a greater mummy
106170 | Tomb:1   | Noticed a greater mummy
106170 | Tomb:1   | Noticed a greater mummy
106171 | Tomb:1   | Noticed a greater mummy
106175 | Tomb:1   | Killed a greater mummy
106176 | Tomb:1   | Killed a greater mummy
106176 | Tomb:1   | Noticed a greater mummy
106177 | Tomb:1   | Killed a greater mummy
106179 | Tomb:1   | Killed a greater mummy
106182 | Tomb:1   | Killed a greater mummy
106182 | Tomb:1   | Reached skill level 27 in Crossbows
106612 | Tomb:3   | Entered Level 3 of the Tomb of the Ancients
106654 | Tomb:3   | Noticed a greater mummy
106665 | Tomb:3   | Noticed a greater mummy
106667 | Tomb:3   | Noticed a greater mummy
106667 | Tomb:3   | Noticed a greater mummy
106668 | Tomb:3   | Noticed Jory
106669 | Tomb:3   | Noticed a greater mummy
106673 | Tomb:3   | Noticed a greater mummy
106674 | Tomb:3   | HP: 4/241 [something (27)]
106674 | Tomb:3   | Killed from afar by a mummy priest

Levels and vault maps discovered:
D:1:      dpeg_arrival_rooms_b, layout_basic
D:2:      layout_rooms, first_ration, uniq_robin
D:3:      minmay_razor_zed, layout_rooms, nicolae_overflow_hidden_temple,
          overflow_temple_1_default, uniq_sigmund, uniq_ijyb
D:4:      layout_gridville, cheibriados_altar_1, minmay_temple_entry_hall,
          serial_shops, nicolae_shop_behind_doors, uniq_duvessa
D:5:      layout_gridville, serial_shops, nicolae_shop_behind_doors
D:6:      layout_basic, nrook_pool_corridor, nicolae_dithmenos_the_darkroom,
          uniq_crazy_yiuf_cottage
D:7:      layout_cave_pools, uniq_pikel
D:8:      layout_gridville, kennysheep_mini_moat, minmay_lair_entry_grove,
          uniq_psyche, uniq_joseph
D:9:      layout_small_grid, david_orc_2, uniq_grum, uniq_prince_ribbit1
D:10:     layout_roguey
D:11:     layout_loops_ring, hangedman_pestilent_swarm, uniq_josephine
D:12:     hangedman_cross_stitches, layout_long_grid,
          ploomutoo_gammafunk_ghost_potion_laboratory, uniq_fannar
D:13:     layout_basic, grunt_decor_fettered, minmay_fire_ice_demons
D:14:     layout_roguey, david_vaults_1, minmay_misc_feat_encased, uniq_frances
D:15:     grunt_enter_depths_hoard, layout_loops_ring, minmay_misc_feat_alley,
          minmay_crystal_room, nicolae_sextant
Temple:   regret_index_temple_mists
Lair:1:   layout_regular_city, serial_bayou_shore_a, grunt_megastairs_1,
          serial_bayou_shore_b
Lair:2:   layout_loops_ring, guppyfry_snake_entry_island
Lair:3:   layout_gridlike, elwin_shoals_entry_rooms, special_room
          [special_room_bee]
Lair:4:   layout_roguey, st_stairs_7, uniq_sonja
Lair:5:   layout_small_grid, slime_altar_2, infiniplex_staircase_pool,
          grunt_megastairs_4, serial_bayou_shore_b, minmay_lair_oklob_chamber
Lair:6:   hangedman_lair_tendril_chambers, layout_regular_city,
          gauntlet_entry_generic, grunt_megastairs_5, lemuel_fruit_fields,
          lemuel_fruit_tree, lemuel_fruit_fields
Shoals:1: layout_shoals
Shoals:2: layout_shoals, serial_shops, shop, uniq_ilsuiw
Shoals:3: layout_shoals, nicolae_shoals_siren_and_animal_friends
Shoals:4: shoals_end_grunt_ice, layout_shoals
Snake:1:  layout_concentric_octagons, serial_bayou_pond_b
Snake:2:  layout_rooms, serial_bayou_shore_b, uniq_louise, uniq_vashnia
Snake:3:  layout_onion, serial_bayou_lagoon_b, grunt_megastairs_3,
          uniq_bai_suzhen
Snake:4:  snake_pit, layout_cave_town, serial_shops, shop
Slime:1:  layout_caves
Slime:2:  layout_caves
Slime:3:  layout_caves
Slime:4:  layout_caves
Slime:5
Orc:1:    layout_caves, uniq_jorgrun, uniq_maurice
Orc:2:    kennysheep_orc_mage_school, layout_caves, david_defended_altar_orc,
          uniq_donald, uniq_nessos
Elf:1:    hangedman_cross_veins, layout_geoelf_octagon, minmay_elf_sorcery,
          minivault_15, uniq_kirke
Elf:2:    layout_gridlike, serial_shops, nicolae_shop_trees
Elf:3:    elf_hall_gauntlet_narrow, layout_geoelf_castle,
          gammafunk_ghost_tricky_traps, minmay_fountain_box,
          statue_in_the_mist_lemuel, uniq_asterion
Vaults:1: hangedman_vaults_stagger, v_misc_1, v_misc_10, v_rooms_4, v_misc_26,
          vaults_room_fancy_cross, vaults_room_door_ring,
          layout_vaults_omnigrid, serial_shops, shop, shop, shop
Vaults:2: nicolae_vaults_yaktaur_gun_rack, v_misc_19, v_alt_pattern_3,
          ontoclasm_vaults_idyll, nicolae_vaults_network_s, vaults_room_pools,
          nicolae_vaults_three_branches, nicolae_vaults_rhombus_7,
          vaults_room_ringed_pool, nicolae_vaults_alarming, v_rooms_2,
          v_misc_16, vaults_dpeg_encased_lava, layout_vaults_omnicross,
          serial_shops, shop, uniq_nikola
Vaults:3: ontoclasm_vaults_misaligned, minmay_crypt_entry_simple_round,
          vaults_room_door_ring, ontoclasm_vaults_idyll, vaults_dpeg_cross,
          vaults_dpeg_spiral, nicolae_vaults_network_quincunx
          [nicolae_vaults_network_quincunx_subvault,
          nicolae_vaults_network_quincunx_subvault,
          nicolae_vaults_network_quincunx_subvault,
          nicolae_vaults_network_quincunx_subvault,
          nicolae_vaults_network_quincunx_subvault], v_misc_3,
          nicolae_vaults_little_squares_3, vaults_mumra_chevron_long,
          grunt_vaults_hallway_long, layout_vaults_omnibox, enter_trove_6
Vaults:4: grunt_vaults_bifocal, hangedman_vaults_trim, ontoclasm_vaults_gateway,
          vaults_room_fancy_cross, nicolae_vaults_little_squares_6,
          v_alt_pattern_2, v_rooms_3, st_lattice, v_misc_10, v_misc_25,
          hangedman_vaults_unwind, v_misc_11, layout_vaults_maze_bifur,
          serial_shops, shop
Vaults:5: serial_shops, uniq_xtahua
Crypt:1:  layout_rooms
Crypt:2:  layout_rooms, hex_tiny, minigarden_bobbens
Crypt:3:  cryptofortress_bobbens
Tomb:1
Tomb:2
Tomb:3:   uniq_jory
Depths:1: layout_long_grid, grunt_mini_vestibule,
          chequers_serial_rivers_small_b, minmay_checkered_concentric_circles,
          minmay_shoptagon
Depths:2: minmay_the_grid_triangle_9x9_rhombus_full
          [minmay_the_grid_triangle_9x9_empty,
          minmay_the_grid_triangle_9x9_sprig,
          minmay_the_grid_triangle_9x9_swiss_cheese,
          minmay_the_grid_triangle_9x9_descending_squares,
          minmay_the_grid_triangle_9x9_corruption,
          minmay_the_grid_triangle_9x9_warning,
          minmay_the_grid_triangle_9x9_skeleton,
          minmay_the_grid_triangle_9x9_prize_special], layout_cave_pools,
          minmay_staircase_bubble, hangedman_coc_ice_floe, serial_bayou_shore_b
Depths:3: grunt_arcs, layout_cave_shapes, enter_ziggurat_b, mu_enter_wizlab_6,
          hell_entry, minmay_misc_feat_four_crosses, rand_demon_pan_entry_8,
          hangedman_aviary, infiniplex_staircase_pool_1, uniq_frederick
Depths:4: hangedman_crystal_crosses_colossus [crystal_crosses_arms_four,
          crystal_crosses_arms_two, crystal_crosses_arms_one,
          crystal_crosses_arms_one], abyss_entry, hell_entry, uniq_mennas
Depths:5: grunt_zot_entry_alcove, layout_basic, hell_entry, abyss_entry_crystal,
          serial_shops, shop, columned_hall_lemuel, uniq_enchantress
Hell
Dis:1:    grunt_deathspiral_small, layout_regular_city,
          hangedman_dis_decor_blocks_crown
Dis:2:    layout_chaotic_city
Dis:3:    layout_subdivisions
Dis:4:    layout_chaotic_city, nicolae_dis_lava_storage_tank, door_vault
Dis:5:    layout_subdivisions
Dis:6:    layout_gridville
Dis:7:    iron_city_of_dis [dis_grunt, dis_wall_8], layout_chaotic_city
Geh:1:    layout_gehenna_pools_triple
Geh:2:    layout_gehenna_pools_triple
Geh:3:    layout_gehenna_lava_caves, evilmike_ambush
          [evilmike_ambush_outer_basic, evilmike_ambush_inner_pond]
Geh:4:    layout_gehenna_pools_triple, evilmike_ambush
          [evilmike_ambush_outer_pillars, evilmike_ambush_inner_pond]
Geh:5:    layout_gehenna_lava_caves
Geh:6:    layout_gehenna_lava_caves
Geh:7:    geh_hangedman
Coc:1:    layout_ice_bergs
Coc:2:    layout_ice_bergs
Coc:3:    layout_cocytus_water_paths
Coc:4:    layout_cocytus_delve, serial_ice, serial_ice_f, serial_ice_b,
          serial_ice_d, serial_ice_k, serial_ice_a, serial_ice_n
Coc:5:    layout_ice_bergs
Coc:6:    layout_cocytus_water_paths
Coc:7:    coc_grunt
Tar:1:    layout_honeycomb
Tar:2:    layout_grid_maze
Tar:3:    layout_honeycomb
Tar:4:    layout_grid_maze
Tar:5:    layout_honeycomb
Tar:6:    layout_grid_maze
Tar:7:    tar_minmay_river
Zot:1:    layout_misc_corridors, zot_minivault_1
Zot:2:    kennysheep_blocky_hall, layout_misc_corridors, grunt_ministairs_15
Zot:3:    kennysheep_ambush_hall, layout_misc_corridors
Zot:4:    kennysheep_blocky_room, layout_cathedral_of_symmetry,
          lemuel_lake_of_fire

Skill      XL: |  1  2  3  4  5  6  7  8  9 10 11 12 13 14 15 16 17 18 19 20 21 22 23 24 25 26 27 |
---------------+----------------------------------------------------------------------------------+-----
Fighting       | 4 5 6 7 8 10 11 12 14 15 16 17 18 19 20 21 22 23 24 25 27 | 27.0
Dodging        | 3 4 5 6 7 8 10 11 12 14 16 18 19 20 21 22 23 24 25 27 | 27.0
Long Blades    | 4 5 6 7 8 9 10 11 12 13 14 15 16 17 18 19 27 | 27.0
Armour         | 3 4 5 7 8 9 10 11 12 14 16 17 18 19 20 21 27 | 27.0
Shields        | 2 4 5 7 8 9 10 11 12 13 14 15 16 17 18 19 27 | 27.0
Evocations     | 3 5 6 7 8 9 10 11 12 13 23 | 23.9
Crossbows      | 2 5 7 9 11 12 14 15 16 18 27 | 27.0
Invocations    | 27 | 27.0

Action                   |  1- 3 |  4- 6 |  7- 9 | 10-12 | 13-15 | 16-18 | 19-21 | 22-24 | 25-27 || total
-------------------------+-------+-------+-------+-------+-------+-------+-------+-------+-------++-------
Melee: Falchion          |    71 |   110 |       |       |    99 |       |       |       |       ||   280
       Headbutt          |    16 |    28 |    59 |   176 |   458 |   612 |   598 |   699 |  3691 ||  6337
       Long sword        |       |     8 |   229 |   593 |  1201 |  1744 |  1646 |  1620 |  1827 ||  8868
       Whip              |       |       |       |    35 |       |       |       |       |       ||    35
       Unarmed           |       |       |       |       |     3 |       |       |       |       ||     3
       Eudemon blade     |       |       |       |       |       |       |       |       |  7983 ||  7983
       Bite              |       |       |       |       |       |       |       |       |   138 ||   138
 Fire: Hand crossbow     |       |       |       |       |    16 |    14 |    48 |       |    86 ||   164
Invok: Berserk           |       |     3 |     3 |     5 |     6 |     8 |     3 |     7 |     7 ||    42
       Trog's Hand       |       |       |     2 |     6 |     5 |    13 |     8 |    13 |    21 ||    68
       Brothers in Arms  |       |       |       |       |       |       |       |     2 |       ||     2
       Cleansing Flame   |       |       |       |       |       |       |       |       |    94 ||    94
       Summon Divine War |       |       |       |       |       |       |       |       |    28 ||    28
       Divine Shield     |       |       |       |       |       |       |       |       |     2 ||     2
       Brand Weapon With |       |       |       |       |       |       |       |       |     1 ||     1
 Abil: Evoke Flight      |       |       |       |       |       |       |       |       |     5 ||     5
       Stop Flying       |       |       |       |       |       |       |       |       |     1 ||     1
Evoke: Wand              |       |       |       |       |     6 |     5 |       |     1 |     1 ||    13
       Lamp of fire      |       |       |       |       |     1 |     3 |       |     2 |     3 ||     9
       Lightning rod     |       |       |       |       |       |    12 |       |     1 |     2 ||    15
       Fan of gales      |       |       |       |       |       |       |       |       |     1 ||     1
  Use: Scroll            |       |       |     9 |     8 |    12 |    11 |     8 |     9 |    70 ||   127
       Potion            |       |       |     1 |     3 |     6 |    13 |     4 |     1 |    46 ||    74
 Stab: Petrified         |       |       |       |       |     1 |       |       |       |       ||     1
       Sleeping          |       |       |       |       |       |     6 |     6 |     5 |     2 ||    19
       Distracted        |       |       |       |       |       |     1 |       |     1 |       ||     2
  Eat: Chunk             |       |     7 |    20 |    39 |    32 |    34 |    36 |    38 |    77 ||   283
       Ration            |       |       |       |       |     3 |     8 |     1 |     4 |    37 ||    53
Armor: Animal skin       |     2 |       |       |       |       |       |       |       |       ||     2
       Chain mail        |    19 |    44 |       |       |       |       |       |       |       ||    63
       Ring mail         |     5 |       |       |       |    36 |       |       |       |       ||    41
       Scale mail        |       |    25 |    53 |   137 |    15 |       |       |       |       ||   230
       Plate armour      |       |       |       |       |   241 |       |       |       |       ||   241
       Ice dragon scales |       |       |       |       |     7 |   397 |   300 |   285 |   289 ||  1278
       Gold dragon scale |       |       |       |       |       |       |       |       |  2498 ||  2498
Dodge: Dodged            |    42 |    39 |   103 |   266 |   701 |  1137 |   880 |  1084 |  5448 ||  9700
Block: Shield            |       |    60 |   182 |   440 |   950 |  1283 |  1012 |  1102 |  7763 || 12792
       Reflection        |       |       |       |       |    15 |   164 |   109 |    30 |   144 ||   462
       Rpst.: Falchion   |    10 |     7 |       |       |     3 |       |       |       |       ||    20
       Long sword        |       |     1 |    32 |    76 |   131 |   193 |   160 |   164 |   165 ||   922
       Eudemon blade     |       |       |       |       |       |       |       |       |   745 ||   745

Table legend:
 A = Non-vault XP
 B = Vault XP
 C = Vault XP percentage of total XP
 D = Non-vault monster count
 E = Vault monster count
 F = Vault count percentage of total count
                 A         B        C        D         E       F
            +---------+---------+-------+---------+---------+-------
      Total | 2398056 | 1814787 |  43.1 |    3799 |    1759 |  31.6
            +---------+---------+-------+---------+---------+-------
        D:1 |      28 |       0 |   0.0 |      15 |       0 |   0.0
        D:2 |      42 |      38 |  47.5 |      13 |      13 |  50.0
        D:3 |     110 |     285 |  72.2 |      11 |      15 |  57.7
        D:4 |     705 |       0 |   0.0 |      15 |       0 |   0.0
        D:5 |     710 |       0 |   0.0 |      20 |       0 |   0.0
        D:6 |     233 |      39 |  14.3 |       9 |       1 |  10.0
        D:7 |    1184 |     629 |  34.7 |      28 |       1 |   3.4
        D:8 |    2028 |    2997 |  59.6 |      28 |      14 |  33.3
        D:9 |    2864 |     726 |  20.2 |      30 |      11 |  26.8
       D:10 |    3018 |       0 |   0.0 |      30 |       0 |   0.0
       D:11 |    8112 |    2714 |  25.1 |      39 |      10 |  20.4
       D:12 |    5517 |   10005 |  64.5 |      44 |      26 |  37.1
       D:13 |    4014 |     912 |  18.5 |      18 |      10 |  35.7
       D:14 |    4690 |    3970 |  45.8 |      27 |       5 |  15.6
       D:15 |   21126 |    1903 |   8.3 |      46 |       2 |   4.2
     Temple |       0 |     209 | 100.0 |       0 |       2 | 100.0
     Lair:1 |    2151 |     628 |  22.6 |      12 |       3 |  20.0
     Lair:2 |    8640 |     323 |   3.6 |      21 |       2 |   8.7
     Lair:3 |    3374 |    2792 |  45.3 |      13 |      21 |  61.8
     Lair:4 |    3014 |    1139 |  27.4 |      12 |       3 |  20.0
     Lair:5 |    7392 |    2791 |  27.4 |      15 |      12 |  44.4
     Lair:6 |    8430 |   11529 |  57.8 |      20 |      41 |  67.2
   Shoals:1 |    8818 |       0 |   0.0 |      15 |       0 |   0.0
   Shoals:2 |   11249 |    3484 |  23.6 |      21 |       5 |  19.2
   Shoals:3 |   14844 |    7647 |  34.0 |      27 |      11 |  28.9
   Shoals:4 |    5399 |   13338 |  71.2 |      13 |      27 |  67.5
    Snake:1 |   19822 |    7869 |  28.4 |      33 |       6 |  15.4
    Snake:2 |   16969 |    7504 |  30.7 |      26 |       3 |  10.3
    Snake:3 |   15289 |    2342 |  13.3 |      27 |       4 |  12.9
    Snake:4 |   20382 |   32351 |  61.3 |      42 |      44 |  51.2
    Slime:1 |    2247 |       0 |   0.0 |       1 |       0 |   0.0
    Slime:2 |    5340 |       0 |   0.0 |      13 |       0 |   0.0
    Slime:3 |    5239 |       0 |   0.0 |      10 |       0 |   0.0
    Slime:4 |    6638 |     717 |   9.7 |      13 |       1 |   7.1
    Slime:5 |   13935 |   29020 |  67.6 |      14 |      12 |  46.2
      Orc:1 |    2436 |    3546 |  59.3 |      28 |       2 |   6.7
      Orc:2 |    2732 |   10683 |  79.6 |      26 |      39 |  60.0
      Elf:1 |   25072 |   21934 |  46.7 |      36 |      34 |  48.6
      Elf:2 |   12792 |   22176 |  63.4 |      21 |      28 |  57.1
      Elf:3 |   16372 |   54763 |  77.0 |      34 |      41 |  54.7
   Vaults:1 |   42336 |   16175 |  27.6 |      92 |      28 |  23.3
   Vaults:2 |   20989 |   14243 |  40.4 |      41 |      17 |  29.3
   Vaults:3 |   64477 |    8726 |  11.9 |      91 |      11 |  10.8
   Vaults:4 |   32510 |   43271 |  57.1 |      43 |      43 |  50.0
   Vaults:5 |   47958 |  128220 |  72.8 |      60 |      82 |  57.7
    Crypt:1 |   20884 |       0 |   0.0 |      40 |       0 |   0.0
    Crypt:2 |   37659 |    6275 |  14.3 |      47 |       6 |  11.3
    Crypt:3 |       0 |   62783 | 100.0 |       0 |      81 | 100.0
     Tomb:1 |   10928 |  150343 |  93.2 |      32 |      76 |  70.4
     Tomb:2 |    8317 |   63389 |  88.4 |      20 |      70 |  77.8
     Tomb:3 |    4057 |   32061 |  88.8 |       7 |      32 |  82.1
   Depths:1 |   61570 |   14640 |  19.2 |      73 |      15 |  17.0
   Depths:2 |   24683 |   25842 |  51.1 |      28 |      18 |  39.1
   Depths:3 |   19482 |   74052 |  79.2 |      25 |      44 |  63.8
   Depths:4 |   17670 |   87259 |  83.2 |       6 |      56 |  90.3
   Depths:5 |   62734 |   34435 |  35.4 |      50 |      22 |  30.6
       Hell |   12742 |   32221 |  71.7 |      16 |      52 |  76.5
      Dis:1 |   14213 |       0 |   0.0 |      28 |       0 |   0.0
      Dis:2 |    6488 |       0 |   0.0 |      17 |       0 |   0.0
      Dis:3 |     869 |       0 |   0.0 |       2 |       0 |   0.0
      Dis:5 |    4888 |       0 |   0.0 |      10 |       0 |   0.0
      Dis:6 |    3756 |       0 |   0.0 |       4 |       0 |   0.0
      Dis:7 |   60815 |  108180 |  64.0 |      93 |      84 |  47.5
      Geh:1 |   13282 |       0 |   0.0 |      39 |       0 |   0.0
      Geh:2 |   37464 |       0 |   0.0 |      82 |       0 |   0.0
      Geh:3 |   48339 |   10825 |  18.3 |      81 |      24 |  22.9
      Geh:4 |   50835 |   12654 |  19.9 |      97 |      24 |  19.8
      Geh:5 |   42422 |       0 |   0.0 |      73 |       0 |   0.0
      Geh:6 |   54581 |       0 |   0.0 |     103 |       0 |   0.0
      Geh:7 |   37609 |   91566 |  70.9 |      55 |      79 |  59.0
      Coc:1 |   53985 |       0 |   0.0 |      86 |       0 |   0.0
      Coc:2 |   67441 |       0 |   0.0 |     124 |       0 |   0.0
      Coc:3 |   10132 |       0 |   0.0 |      23 |       0 |   0.0
      Coc:4 |   35823 |    3772 |   9.5 |      83 |      12 |  12.6
      Coc:5 |   72069 |       0 |   0.0 |      91 |       0 |   0.0
      Coc:6 |   34576 |       0 |   0.0 |      72 |       0 |   0.0
      Coc:7 |   66873 |   59558 |  47.1 |      93 |      50 |  35.0
      Tar:1 |    8142 |       0 |   0.0 |      17 |       0 |   0.0
      Tar:2 |   26298 |       0 |   0.0 |      28 |       0 |   0.0
      Tar:3 |   70005 |       0 |   0.0 |      73 |       0 |   0.0
      Tar:4 |    4693 |       0 |   0.0 |      12 |       0 |   0.0
      Tar:5 |    5336 |       0 |   0.0 |       4 |       0 |   0.0
      Tar:6 |   30105 |       0 |   0.0 |      38 |       0 |   0.0
      Tar:7 |   77805 |   56701 |  42.2 |      94 |      43 |  31.4
      Zot:1 |   42090 |   26393 |  38.5 |      25 |      13 |  34.2
      Zot:2 |   46976 |    7192 |  13.3 |      29 |       6 |  17.1
      Zot:3 |   63819 |    9053 |  12.4 |      32 |       8 |  20.0
      Zot:4 |   36653 |   37687 |  50.7 |      15 |      11 |  42.3
    Abyss:1 |   46225 |    4566 |   9.0 |      43 |       2 |   4.4
    Abyss:2 |   32265 |    2213 |   6.4 |      83 |       3 |   3.5
    Abyss:3 |   51783 |   26040 |  33.5 |      97 |      23 |  19.2
        Pan |  357448 |  285489 |  44.4 |     416 |     243 |  36.9
     WizLab |       0 |   14223 | 100.0 |       0 |      19 | 100.0
   Gauntlet |       0 |    3737 | 100.0 |       0 |      13 | 100.0
            +---------+---------+-------+---------+---------+-------
